Workbook

Sheet Cover
D2: FactSet Research Systems Inc.
B3: Company Model — built by Shortcut
B4: $ millions, except per share
C6: FY25A | D6: 4Q25A | E6: 1Q26A | F6: 2Q26A | G6: 3Q26A | H6: 4Q26E
C7: 45900 | D7: 45900 | E7: 45991 | F7: 46081 | G7: 46173 | H7: 46265
C8: 365 | D8: 92 | E8: 91 | F8: 90 | G8: 92 | H8: 92
B9: NYSE:FDS | fiscal year ended August 31 | USD / common share
B10: Cutoff: 2026-09-26 18:44 UTC | expected report: 2026-09-30
B12: Metric | C12: Our estimate | D12: CapIQ 24-Sep | E12: Variance | F12: FY26 guide mid | G12: Implied 4Q mid
B13: Revenue ($m) | C13: ='Income Statement'!H10 -> 627.5 | D13: =Inputs!B46 -> 629.85 | E13: =C13-D13 -> -2.35 | F13: =Guidance!G12 -> 2460 | G13: =Guidance!G20 -> 618.442
B14: GAAP net income ($m) | C14: ='Income Statement'!H26 -> 135.73825 | D14: =Inputs!B57 -> 138.98 | E14: =C14-D14 -> -3.24175 | F14: Not guided | G14: Not guided
B15: Normalized net income ($m) | C15: ='Income Statement'!H49 -> 151.73825 | D15: =Inputs!B56 -> 154.84 | E15: =C15-D15 -> -3.10175 | F15: Not guided | G15: Not guided
B16: Normalized diluted EPS | C16: ='Income Statement'!H50 -> 4.2441354 | D16: =Inputs!B29 -> 4.35 | E16: =C16-D16 -> -0.10586464 | F16: =Guidance!G17 -> 17.5 | G16: =Guidance!G21 -> 4.0076097
B17: GAAP diluted EPS | C17: ='Income Statement'!H31 -> 3.7966136 | D17: =Inputs!B38 -> 3.91 | E17: =C17-D17 -> -0.11338638 | F17: =Guidance!G16 -> 15.1 | G17: =Guidance!G16-SUM('Income Statement'!E31:G31) -> 3.9522763
B18: Overall model checks | C18: =IF(AND(ABS('Revenue summary'!H38)<Inputs!$H$86,ABS('Balance Sheet'!H43)<Inputs!$H$86,ABS('Cash Flow Statement'!H50)<Inputs!$H$86,ABS(Geo!H31)<Inputs!$H$86,ABS('Income Statement'!H32)<Inputs!$H$86,ABS('Income Statement'!H60)<Inputs!$H$86,ABS(C22)<Inputs!$H$86,ABS(C23)<Inputs!$H$86,ABS(C24)<Inputs!$H$86,ABS(C25)<Inputs!$H$86),"PASS","FAIL") -> PASS
B19: P(beat consensus EPS) | C19: =Inputs!H83 -> 0.34
B20: Confidence | C20: =Inputs!H82 -> medium
B22: Cover revenue to statement — CHECK | C22: =C13-'Income Statement'!H10 -> 0
B23: Cover GAAP NI to statement — CHECK | C23: =C14-'Income Statement'!H26 -> 0
B24: Cover normalized NI to statement — CHECK | C24: =C15-'Income Statement'!H49 -> 0
B25: Cover EPS to statement — CHECK | C25: =C16-'Income Statement'!H50 -> 0

Sheet Revenue summary
B2: FactSet Research Systems Inc.
B3: Revenue summary
B4: $ millions, except per share
C6: FY25A | D6: 4Q25A | E6: 1Q26A | F6: 2Q26A | G6: 3Q26A | H6: 4Q26E
C7: 45900 | D7: 45900 | E7: 45991 | F7: 46081 | G7: 46173 | H7: 46265
C8: 365 | D8: 92 | E8: 91 | F8: 90 | G8: 92 | H8: 92
B10: Total revenue | C10: =SUM(C17,C24,C31) -> 2321.748 | D10: =SUM(D17,D24,D31) -> 596.901 | E10: =SUM(E17,E24,E31) -> 607.621 | F10: =SUM(F17,F24,F31) -> 611.019 | G10: =SUM(G17,G24,G31) -> 622.918 | H10: =SUM(H17,H24,H31) -> 627.5
B11: Organic Y/Y | C11: =(1+C14)/((1+C12)*(1+C13))-1 -> 0.044087849 | D11: =(1+D14)/((1+D12)*(1+D13))-1 -> 0.044716438 | E11: =(1+E14)/((1+E12)*(1+E13))-1 -> 0.060090068 | F11: =(1+F14)/((1+F12)*(1+F13))-1 -> 0.068070613 | G11: =(1+G14)/((1+G12)*(1+G13))-1 -> 0.069804749 | H11: =(1+H14)/((1+H12)*(1+H13))-1 -> 0.051263107
B12: M&A / scope Y/Y | C12: =(1+C14)/((Inputs!C189/Inputs!C190)*(1+C13))-1 -> 0.0089622595 | D12: =(1+D14)/((Inputs!D189/Inputs!D190)*(1+D13))-1 -> 0.014170404 | E12: =(1+E14)/((Inputs!E189/Inputs!E190)*(1+E13))-1 -> 0.0063092526 | F12: =(1+F14)/((Inputs!F189/Inputs!F190)*(1+F13))-1 -> -5.8827052e-05 | G12: =(1+G14)/((Inputs!G189/Inputs!G190)*(1+G13))-1 -> -0.0056344788 | H12: 0
B13: FX impact Y/Y | C13: =Inputs!C191/Inputs!C188 -> 0.00040897735 | D13: =Inputs!D191/Inputs!D188 -> 0.0021025033 | E13: =Inputs!E191/Inputs!E188 -> 0.0016143015 | F13: =Inputs!F191/Inputs!F188 -> 0.0025426699 | G13: =Inputs!G191/Inputs!G188 -> 8.8809947e-05 | H13: 0
B14: Total Y/Y | C14: =C10/Inputs!C188-1 -> 0.05387607 | D14: =D10/Inputs!D188-1 -> 0.061748137 | E14: =E10/Inputs!E188-1 -> 0.068500546 | F14: =F10/Inputs!F188-1 -> 0.070723373 | G14: =G10/Inputs!G188-1 -> 0.063871431 | H14: =H10/D10-1 -> 0.051263107
B15: Sequential growth | E15: =E10/D10-1 -> 0.017959427 | F15: =F10/E10-1 -> 0.0055923018 | G15: =G10/F10-1 -> 0.019474026 | H15: =H10/G10-1 -> 0.0073557033
B17: Americas revenue | C17: ='Segment - Americas'!C21 -> 1506.108 | D17: ='Segment - Americas'!D21 -> 388.704 | E17: ='Segment - Americas'!E21 -> 396.176 | F17: ='Segment - Americas'!F21 -> 399.683 | G17: ='Segment - Americas'!G21 -> 407.24 | H17: ='Segment - Americas'!H21 -> 415
B18: Organic Y/Y | C18: =IF('Segment - Americas'!C22="","",'Segment - Americas'!C22) | D18: =IF('Segment - Americas'!D22="","",'Segment - Americas'!D22) -> 0.072286897 | E18: =IF('Segment - Americas'!E22="","",'Segment - Americas'!E22) -> 0.078787285 | F18: =IF('Segment - Americas'!F22="","",'Segment - Americas'!F22) -> 0.081214951 | G18: =IF('Segment - Americas'!G22="","",'Segment - Americas'!G22) -> 0.07 | H18: =IF('Segment - Americas'!H22="","",'Segment - Americas'!H22) -> 0.067650449
B19: M&A / scope Y/Y | C19: =IF('Segment - Americas'!C23="","",'Segment - Americas'!C23) | D19: =IF('Segment - Americas'!D23="","",'Segment - Americas'!D23) -> 0 | E19: =IF('Segment - Americas'!E23="","",'Segment - Americas'!E23) -> 0 | F19: =IF('Segment - Americas'!F23="","",'Segment - Americas'!F23) -> 0 | G19: =IF('Segment - Americas'!G23="","",'Segment - Americas'!G23) -> 0.00025527092 | H19: =IF('Segment - Americas'!H23="","",'Segment - Americas'!H23) -> 0
B20: FX impact Y/Y | C20: =IF('Segment - Americas'!C24="","",'Segment - Americas'!C24) | D20: =IF('Segment - Americas'!D24="","",'Segment - Americas'!D24) -> 0 | E20: =IF('Segment - Americas'!E24="","",'Segment - Americas'!E24) -> 0 | F20: =IF('Segment - Americas'!F24="","",'Segment - Americas'!F24) -> 0 | G20: =IF('Segment - Americas'!G24="","",'Segment - Americas'!G24) -> 0 | H20: =IF('Segment - Americas'!H24="","",'Segment - Americas'!H24) -> 0
B21: Total Y/Y | C21: =IF('Segment - Americas'!C25="","",'Segment - Americas'!C25) | D21: =IF('Segment - Americas'!D25="","",'Segment - Americas'!D25) -> 0.072286897 | E21: =IF('Segment - Americas'!E25="","",'Segment - Americas'!E25) -> 0.078787285 | F21: =IF('Segment - Americas'!F25="","",'Segment - Americas'!F25) -> 0.081214951 | G21: =IF('Segment - Americas'!G25="","",'Segment - Americas'!G25) -> 0.07027314 | H21: =IF('Segment - Americas'!H25="","",'Segment - Americas'!H25) -> 0.067650449
B22: Sequential growth | E22: =E17/D17-1 -> 0.019222853 | F22: =F17/E17-1 -> 0.0088521263 | G22: =G17/F17-1 -> 0.018907484 | H22: =H17/G17-1 -> 0.019055103
B23: % of consolidated revenue | C23: =C17/C10 -> 0.64869572 | D23: =D17/D10 -> 0.65120347 | E23: =E17/E10 -> 0.6520117 | F23: =F17/F10 -> 0.65412532 | G23: =G17/G10 -> 0.65376181 | H23: =H17/H10 -> 0.66135458
B24: EMEA revenue | C24: ='Segment - EMEA'!C21 -> 580.284 | D24: ='Segment - EMEA'!D21 -> 147.431 | E24: ='Segment - EMEA'!E21 -> 149.517 | F24: ='Segment - EMEA'!F21 -> 149.12 | G24: ='Segment - EMEA'!G21 -> 151.94 | H24: ='Segment - EMEA'!H21 -> 149
B25: Organic Y/Y | C25: =IF('Segment - EMEA'!C22="","",'Segment - EMEA'!C22) | D25: =IF('Segment - EMEA'!D22="","",'Segment - EMEA'!D22) -> 0.030265549 | E25: =IF('Segment - EMEA'!E22="","",'Segment - EMEA'!E22) -> 0.040299182 | F25: =IF('Segment - EMEA'!F22="","",'Segment - EMEA'!F22) -> 0.039982704 | G25: =IF('Segment - EMEA'!G22="","",'Segment - EMEA'!G22) -> 0.053 | H25: =IF('Segment - EMEA'!H22="","",'Segment - EMEA'!H22) -> 0.010642267
B26: M&A / scope Y/Y | C26: =IF('Segment - EMEA'!C23="","",'Segment - EMEA'!C23) | D26: =IF('Segment - EMEA'!D23="","",'Segment - EMEA'!D23) -> 0 | E26: =IF('Segment - EMEA'!E23="","",'Segment - EMEA'!E23) -> 0 | F26: =IF('Segment - EMEA'!F23="","",'Segment - EMEA'!F23) -> 0 | G26: =IF('Segment - EMEA'!G23="","",'Segment - EMEA'!G23) -> -0.0099388804 | H26: =IF('Segment - EMEA'!H23="","",'Segment - EMEA'!H23) -> 0
B27: FX impact Y/Y | C27: =IF('Segment - EMEA'!C24="","",'Segment - EMEA'!C24) | D27: =IF('Segment - EMEA'!D24="","",'Segment - EMEA'!D24) -> 0 | E27: =IF('Segment - EMEA'!E24="","",'Segment - EMEA'!E24) -> 0 | F27: =IF('Segment - EMEA'!F24="","",'Segment - EMEA'!F24) -> 0 | G27: =IF('Segment - EMEA'!G24="","",'Segment - EMEA'!G24) -> 0 | H27: =IF('Segment - EMEA'!H24="","",'Segment - EMEA'!H24) -> 0
B28: Total Y/Y | C28: =IF('Segment - EMEA'!C25="","",'Segment - EMEA'!C25) | D28: =IF('Segment - EMEA'!D25="","",'Segment - EMEA'!D25) -> 0.030265549 | E28: =IF('Segment - EMEA'!E25="","",'Segment - EMEA'!E25) -> 0.040299182 | F28: =IF('Segment - EMEA'!F25="","",'Segment - EMEA'!F25) -> 0.039982704 | G28: =IF('Segment - EMEA'!G25="","",'Segment - EMEA'!G25) -> 0.042534359 | H28: =IF('Segment - EMEA'!H25="","",'Segment - EMEA'!H25) -> 0.010642267
B29: Sequential growth | E29: =E24/D24-1 -> 0.014148992 | F29: =F24/E24-1 -> -0.0026552165 | G29: =G24/F24-1 -> 0.018910944 | H29: =H24/G24-1 -> -0.019349743
B30: % of consolidated revenue | C30: =C24/C10 -> 0.2499341 | D30: =D24/D10 -> 0.24699406 | E30: =E24/E10 -> 0.24606951 | F30: =F24/F10 -> 0.24405133 | G30: =G24/G10 -> 0.24391653 | H30: =H24/H10 -> 0.2374502
B31: Asia Pacific revenue | C31: ='Segment - Asia Pacific'!C21 -> 235.356 | D31: ='Segment - Asia Pacific'!D21 -> 60.766 | E31: ='Segment - Asia Pacific'!E21 -> 61.928 | F31: ='Segment - Asia Pacific'!F21 -> 62.216 | G31: ='Segment - Asia Pacific'!G21 -> 63.738 | H31: ='Segment - Asia Pacific'!H21 -> 63.5
B32: Organic Y/Y | C32: =IF('Segment - Asia Pacific'!C22="","",'Segment - Asia Pacific'!C22) | D32: =IF('Segment - Asia Pacific'!D22="","",'Segment - Asia Pacific'!D22) -> 0.07360424 | E32: =IF('Segment - Asia Pacific'!E22="","",'Segment - Asia Pacific'!E22) -> 0.073275563 | F32: =IF('Segment - Asia Pacific'!F22="","",'Segment - Asia Pacific'!F22) -> 0.079913907 | G32: =IF('Segment - Asia Pacific'!G22="","",'Segment - Asia Pacific'!G22) -> 0.105 | H32: =IF('Segment - Asia Pacific'!H22="","",'Segment - Asia Pacific'!H22) -> 0.044992265
B33: M&A / scope Y/Y | C33: =IF('Segment - Asia Pacific'!C23="","",'Segment - Asia Pacific'!C23) | D33: =IF('Segment - Asia Pacific'!D23="","",'Segment - Asia Pacific'!D23) -> 0 | E33: =IF('Segment - Asia Pacific'!E23="","",'Segment - Asia Pacific'!E23) -> 0 | F33: =IF('Segment - Asia Pacific'!F23="","",'Segment - Asia Pacific'!F23) -> 0 | G33: =IF('Segment - Asia Pacific'!G23="","",'Segment - Asia Pacific'!G23) -> -0.026933298 | H33: =IF('Segment - Asia Pacific'!H23="","",'Segment - Asia Pacific'!H23) -> 0
B34: FX impact Y/Y | C34: =IF('Segment - Asia Pacific'!C24="","",'Segment - Asia Pacific'!C24) | D34: =IF('Segment - Asia Pacific'!D24="","",'Segment - Asia Pacific'!D24) -> 0 | E34: =IF('Segment - Asia Pacific'!E24="","",'Segment - Asia Pacific'!E24) -> 0 | F34: =IF('Segment - Asia Pacific'!F24="","",'Segment - Asia Pacific'!F24) -> 0 | G34: =IF('Segment - Asia Pacific'!G24="","",'Segment - Asia Pacific'!G24) -> 0 | H34: =IF('Segment - Asia Pacific'!H24="","",'Segment - Asia Pacific'!H24) -> 0
B35: Total Y/Y | C35: =IF('Segment - Asia Pacific'!C25="","",'Segment - Asia Pacific'!C25) | D35: =IF('Segment - Asia Pacific'!D25="","",'Segment - Asia Pacific'!D25) -> 0.07360424 | E35: =IF('Segment - Asia Pacific'!E25="","",'Segment - Asia Pacific'!E25) -> 0.073275563 | F35: =IF('Segment - Asia Pacific'!F25="","",'Segment - Asia Pacific'!F25) -> 0.079913907 | G35: =IF('Segment - Asia Pacific'!G25="","",'Segment - Asia Pacific'!G25) -> 0.075238706 | H35: =IF('Segment - Asia Pacific'!H25="","",'Segment - Asia Pacific'!H25) -> 0.044992265
B36: Sequential growth | E36: =E31/D31-1 -> 0.019122536 | F36: =F31/E31-1 -> 0.0046505619 | G36: =G31/F31-1 -> 0.024463161 | H36: =H31/G31-1 -> -0.0037340362
B37: % of consolidated revenue | C37: =C31/C10 -> 0.10137017 | D37: =D31/D10 -> 0.10180248 | E37: =E31/E10 -> 0.10191879 | F37: =F31/F10 -> 0.10182335 | G37: =G31/G10 -> 0.10232165 | H37: =H31/H10 -> 0.10119522
B38: Segment revenue less total — CHECK | C38: =SUM(C17,C24,C31)-C10 -> 0 | D38: =SUM(D17,D24,D31)-D10 -> 0 | E38: =SUM(E17,E24,E31)-E10 -> 0 | F38: =SUM(F17,F24,F31)-F10 -> 0 | G38: =SUM(G17,G24,G31)-G10 -> 0 | H38: =SUM(H17,H24,H31)-H10 -> 0
B41: Global annual subscription value | C41: =D41 -> 2405.6 | D41: =IF(Inputs!D109="","",Inputs!D109) -> 2405.6 | E41: =IF(Inputs!E109="","",Inputs!E109) -> 2411.1 | F41: =IF(Inputs!F109="","",Inputs!F109) -> 2450.2 | G41: =IF(Inputs!G109="","",Inputs!G109) -> 2484.3 | H41: =SUM('Segment - Americas'!H14,'Segment - EMEA'!H14,'Segment - Asia Pacific'!H14) -> 2521.1
B42: Y/Y growth | H42: =H41/D41-1 -> 0.04801297
B43: Sequential change | E43: =IF(E41="","",E41-D41) -> 5.5 | F43: =IF(F41="","",F41-E41) -> 39.1 | G43: =IF(G41="","",G41-F41) -> 34.1 | H43: =H41-G41 -> 36.8
B45: Clients — ending | C45: =D45 -> 8996 | D45: =IF(Inputs!D141="","",Inputs!D141) -> 8996 | E45: =IF(Inputs!E141="","",Inputs!E141) -> 9003 | F45: =IF(Inputs!F141="","",Inputs!F141) -> 9101 | G45: =IF(Inputs!G141="","",Inputs!G141) -> 9130 | H45: =Inputs!H195 -> 9452
B46: Y/Y growth | H46: =H45/D45-1 -> 0.050689195
B47: Sequential change | E47: =IF(E45="","",E45-D45) -> 7 | F47: =IF(F45="","",F45-E45) -> 98 | G47: =IF(G45="","",G45-F45) -> 29 | H47: =H45-G45 -> 322
B48: Client additions, net | E48: =E45-D45 -> 7 | F48: =F45-E45 -> 98 | G48: =G45-F45 -> 29 | H48: =H45-G45 -> 322
B49: Gross client additions — unavailable | J49: Gross new-client adds and churn counts are not disclosed in FY26 10-Q; do not infer them from net additions.
B50: Client churn — unavailable
B51: Client retention % (annual) | C51: =Inputs!C181 -> 0.91 | D51: =Inputs!D181 -> 0.91 | E51: =Inputs!E181 -> 0.91 | F51: =Inputs!F181 -> 0.91 | G51: =Inputs!G181 -> 0.9 | H51: 0.9
B52: Client retention change (bps) | E52: =(E51-D51)*Inputs!$H$85 -> 0 | F52: =(F51-E51)*Inputs!$H$85 -> 0 | G52: =(G51-F51)*Inputs!$H$85 -> -100 | H52: =(H51-G51)*Inputs!$H$85 -> 0
B54: Users — ending | C54: =D54 -> 237324 | D54: =IF(Inputs!D175="","",Inputs!D175) -> 237324 | E54: =IF(Inputs!E175="","",Inputs!E175) -> 239863 | F54: =IF(Inputs!F175="","",Inputs!F175) -> 241352 | G54: =IF(Inputs!G175="","",Inputs!G175) -> 247766 | H54: =Inputs!H196 -> 250000
B55: Y/Y growth | H55: =H54/D54-1 -> 0.053412213
B56: Sequential change | E56: =IF(E54="","",E54-D54) -> 2539 | F56: =IF(F54="","",F54-E54) -> 1489 | G56: =IF(G54="","",G54-F54) -> 6414 | H56: =H54-G54 -> 2234
B57: Revenue per average client ($m) | D57: =IFERROR(D10/AVERAGE(C45,D45),"") -> 0.066351823 | E57: =IFERROR(E10/AVERAGE(D45,E45),"") -> 0.067517195 | F57: =IFERROR(F10/AVERAGE(E45,F45),"") -> 0.067500994 | G57: =IFERROR(G10/AVERAGE(F45,G45),"") -> 0.068336131 | H57: =H10/AVERAGE(G45,H45) -> 0.067538478
B59: Annualized ASV per closing client ($m) | C59: =IFERROR(C41/C45,"") -> 0.26740774 | D59: =IFERROR(D41/D45,"") -> 0.26740774 | E59: =IFERROR(E41/E45,"") -> 0.26781073 | F59: =IFERROR(F41/F45,"") -> 0.26922316 | G59: =IFERROR(G41/G45,"") -> 0.27210296 | H59: =IFERROR(H41/H45,"") -> 0.26672662
B61: Issuer organic ASV (where reported) | C61: =D61 -> 2370.9 | D61: =IF(Inputs!D161="","",Inputs!D161) -> 2370.9 | E61: =IF(Inputs!E161="","",Inputs!E161) -> 2389.6 | F61: =IF(Inputs!F161="","",Inputs!F161) -> 2449.1 | G61: =IF(Inputs!G161="","",Inputs!G161) -> 2485.6 | H61: =H41 -> 2521.1
B63: Firm-type revenue amounts — unavailable

Sheet Segment - Americas
B2: FactSet Research Systems Inc.
B3: Segment - Americas
B4: $ millions, except per share
C6: FY25A | D6: 4Q25A | E6: 1Q26A | F6: 2Q26A | G6: 3Q26A | H6: 4Q26E
C7: 45900 | D7: 45900 | E7: 45991 | F7: 46081 | G7: 46173 | H7: 46265
C8: 365 | D8: 92 | E8: 91 | F8: 90 | G8: 92 | H8: 92
B10: Opening annual subscription value | D10: =Inputs!D197 -> 1513.1 | E10: =D14 -> 1570.1 | F10: =E14 -> 1575.8 | G10: =F14 -> 1605.9 | H10: =G14 -> 1621
B11: Gross ASV additions — unavailable | J11: Gross adds, churn and client counts by geographic segment not disclosed in FY26 Q3 10-Q; net ASV additions are forecast assumptions.
B12: Terminations / churn — unavailable
B13: Net ASV additions | D13: =D14-D10 -> 57 | E13: =E14-E10 -> 5.7 | F13: =F14-F10 -> 30.1 | G13: =G14-G10 -> 15.1 | H13: 26
B14: Closing annual subscription value | C14: =Inputs!C110 -> 1570.1 | D14: =Inputs!D110 -> 1570.1 | E14: =Inputs!E110 -> 1575.8 | F14: =Inputs!F110 -> 1605.9 | G14: =Inputs!G110 -> 1621 | H14: =SUM(H10,H13) -> 1647
B15: Y/Y change, closing ASV | D15: =D14/Inputs!D205-1 -> 0.078809949 | E15: =E14/Inputs!E205-1 -> 0.075998634 | F15: =F14/Inputs!F205-1 -> 0.069815469 | G15: =G14/Inputs!G205-1 -> 0.071310554 | H15: =H14/D14-1 -> 0.048977772
B16: Sequential change, closing ASV | D16: =D14-D10 -> 57 | E16: =E14-D14 -> 5.7 | F16: =F14-E14 -> 30.1 | G16: =G14-F14 -> 15.1 | H16: =H14-G14 -> 26
B17: Average annual subscription value | D17: =AVERAGE(D10,D14) -> 1541.6 | E17: =AVERAGE(E10,E14) -> 1572.95 | F17: =AVERAGE(F10,F14) -> 1590.85 | G17: =AVERAGE(G10,G14) -> 1613.45 | H17: =AVERAGE(G14,H14) -> 1634
B18: Quarterly realization factor | D18: =D19/(D17/Inputs!$H$84) -> 1.0085729 | E18: =E19/(E17/Inputs!$H$84) -> 1.0074726 | F18: =F19/(F17/Inputs!$H$84) -> 1.0049546 | G18: =G19/(G17/Inputs!$H$84) -> 1.0096129 | H18: 1.0159119 | J18: Analyst-calibrated realization factor targets a 415m regional revenue forecast using independently sourced ASV balances and estimated net ASV adds; not a published issuer conversion metric. September 25 Zacks regional preview available in Sources!E20.
B19: Subscription and related revenue | C19: =Inputs!C105 -> 1506.108 | D19: =Inputs!D105 -> 388.704 | E19: =Inputs!E105 -> 396.176 | F19: =Inputs!F105 -> 399.683 | G19: =Inputs!G105 -> 407.24 | H19: =H17/Inputs!$H$84*H18 -> 415
B20: Other product revenue — undisclosed
B21: Segment revenue | C21: =C19 -> 1506.108 | D21: =D19 -> 388.704 | E21: =E19 -> 396.176 | F21: =F19 -> 399.683 | G21: =G19 -> 407.24 | H21: =H19 -> 415
B22: Organic Y/Y | D22: =(1+D25)/((1+D23)*(1+D24))-1 -> 0.072286897 | E22: =(1+E25)/((1+E23)*(1+E24))-1 -> 0.078787285 | F22: =(1+F25)/((1+F23)*(1+F24))-1 -> 0.081214951 | G22: =(1+G25)/((1+G23)*(1+G24))-1 -> 0.07 | H22: =(1+H25)/((1+H23)*(1+H24))-1 -> 0.067650449
B23: M&A / scope Y/Y | D23: 0 | E23: 0 | F23: 0 | G23: =(1+G25)/(1+Inputs!G192)-1 -> 0.00025527092 | H23: 0
B24: FX impact Y/Y | D24: 0 | E24: 0 | F24: 0 | G24: 0 | H24: 0
B25: Total Y/Y | D25: =D21/Inputs!D185-1 -> 0.072286897 | E25: =E21/Inputs!E185-1 -> 0.078787285 | F25: =F21/Inputs!F185-1 -> 0.081214951 | G25: =G21/Inputs!G185-1 -> 0.07027314 | H25: =H21/D21-1 -> 0.067650449
B26: Sequential growth | E26: =E21/D21-1 -> 0.019222853 | F26: =F21/E21-1 -> 0.0088521263 | G26: =G21/F21-1 -> 0.018907484 | H26: =H21/G21-1 -> 0.019055103
B27: Share of total revenue | C27: =C21/'Revenue summary'!C10 -> 0.64869572 | D27: =D21/'Revenue summary'!D10 -> 0.65120347 | E27: =E21/'Revenue summary'!E10 -> 0.6520117 | F27: =F21/'Revenue summary'!F10 -> 0.65412532 | G27: =G21/'Revenue summary'!G10 -> 0.65376181 | H27: =H21/'Revenue summary'!H10 -> 0.66135458
B28: Forecast operating-margin assumption | H28: 0.1796 | J28: Forecast segment margin is an analyst assumption informed by FY25 Q4 and FY26 Q3 geographic-segment results; no company Q4 margin is published.
B29: Reported segment operating profit | C29: =Inputs!C168 -> 305.963 | D29: =Inputs!D168 -> 69.473 | E29: =Inputs!E168 -> 78.533 | F29: =Inputs!F168 -> 74.201 | G29: =Inputs!G168 -> 63.587 | H29: =H21*H28 -> 74.534
B30: Operating profit margin | C30: =C29/C21 -> 0.20314811 | D30: =D29/D21 -> 0.17872983 | E30: =E29/E21 -> 0.19822756 | F30: =F29/F21 -> 0.18564963 | G30: =G29/G21 -> 0.15614134 | H30: =H29/H21 -> 0.1796
B31: Margin change (bps) | E31: =(E30-D30)*Inputs!$H$85 -> 194.97725 | F31: =(F30-E30)*Inputs!$H$85 -> -125.77928 | G31: =(G30-F30)*Inputs!$H$85 -> -295.08286 | H31: =(H30-G30)*Inputs!$H$85 -> 234.58658
B33: Client opening balance — regional unavailable
B34: Gross client additions — regional unavailable
B35: Client terminations — regional unavailable
B36: Client closing balance — regional unavailable
B37: User count — regional unavailable
B38: Client retention — regional unavailable
B39: ASV retained — regional unavailable
B40: Opening ASV growth Y/Y | H40: =H10/D10-1 -> 0.071310554
B41: Opening ASV sequential change | H41: =H10-G10 -> 15.1
B42: Net ASV additions Y/Y change | E42: =E13/(Inputs!E205-Inputs!D205)-1 -> -0.37362637 | F42: =F13/(Inputs!F205-Inputs!E205)-1 -> -0.17759563 | G42: =G13/(Inputs!G205-Inputs!F205)-1 -> 0.25833333 | H42: =H13/(D14-Inputs!G205)-1 -> -0.54385965
B43: Net ASV adds sequential change | E43: =E13-D13 -> -51.3 | F43: =F13-E13 -> 24.4 | G43: =G13-F13 -> -15 | H43: =H13-G13 -> 10.9
B44: Average ASV sequential change | H44: =H17-G17 -> 20.55
B45: Realization factor change (bps) | H45: =(H18-G18)*Inputs!$H$85 -> 62.989315
B46: Opening ASV Y/Y absolute change | H46: =H10-D10 -> 107.9
B47: Average ASV Y/Y growth | H47: =H17/D17-1 -> 0.059937727
B48: Segment operating margin change (bps) | H48: =(H30-G30)*Inputs!$H$85 -> 234.58658
B51: ASV and profitability driver ladder | J51: Linked detail: every figure refers to the segment driver above; regional gross adds and churn are not reported and remain unavailable.
B52: Opening annual subscription value | C52: =IF(C10="","",C10) | D52: =IF(D10="","",D10) -> 1513.1 | E52: =IF(E10="","",E10) -> 1570.1 | F52: =IF(F10="","",F10) -> 1575.8 | G52: =IF(G10="","",G10) -> 1605.9 | H52: =IF(H10="","",H10) -> 1621
B53: Y/Y change | E53: =E52/Inputs!D205-1 -> 0.078809949 | F53: =F52/Inputs!E205-1 -> 0.075998634 | G53: =G52/Inputs!F205-1 -> 0.069815469 | H53: =H52/Inputs!G205-1 -> 0.071310554
B54: Sequential change ($m) | H54: =H52-G52 -> 15.1
B56: Gross additions — unavailable
B59: Terminations — unavailable
B62: Net annual subscription additions | C62: =IF(C13="","",C13) | D62: =IF(D13="","",D13) -> 57 | E62: =IF(E13="","",E13) -> 5.7 | F62: =IF(F13="","",F13) -> 30.1 | G62: =IF(G13="","",G13) -> 15.1 | H62: =IF(H13="","",H13) -> 26
B63: Y/Y change | E63: =E62/(Inputs!E205-Inputs!D205)-1 -> -0.37362637 | F63: =F62/(Inputs!F205-Inputs!E205)-1 -> -0.17759563 | G63: =G62/(Inputs!G205-Inputs!F205)-1 -> 0.25833333 | H63: =H62/(D14-Inputs!G205)-1 -> -0.54385965
B64: Sequential change ($m) | E64: =IFERROR(E62-D62,"") -> -51.3 | F64: =IFERROR(F62-E62,"") -> 24.4 | G64: =IFERROR(G62-F62,"") -> -15 | H64: =IFERROR(H62-G62,"") -> 10.9
B66: Closing annual subscription value | C66: =IF(C14="","",C14) -> 1570.1 | D66: =IF(D14="","",D14) -> 1570.1 | E66: =IF(E14="","",E14) -> 1575.8 | F66: =IF(F14="","",F14) -> 1605.9 | G66: =IF(G14="","",G14) -> 1621 | H66: =IF(H14="","",H14) -> 1647
B67: Y/Y change | D67: =D66/Inputs!D205-1 -> 0.078809949 | E67: =E66/Inputs!E205-1 -> 0.075998634 | F67: =F66/Inputs!F205-1 -> 0.069815469 | G67: =G66/Inputs!G205-1 -> 0.071310554 | H67: =H66/D66-1 -> 0.048977772
B68: Sequential change ($m) | D68: =IFERROR(D66-D52,"") -> 57 | E68: =IFERROR(E66-E52,"") -> 5.7 | F68: =IFERROR(F66-F52,"") -> 30.1 | G68: =IFERROR(G66-G52,"") -> 15.1 | H68: =IFERROR(H66-H52,"") -> 26
B70: Average annual subscription value | C70: =IF(C17="","",C17) | D70: =IF(D17="","",D17) -> 1541.6 | E70: =IF(E17="","",E17) -> 1572.95 | F70: =IF(F17="","",F17) -> 1590.85 | G70: =IF(G17="","",G17) -> 1613.45 | H70: =IF(H17="","",H17) -> 1634
B71: Y/Y change | E71: =E70/AVERAGE(Inputs!D205,Inputs!E205)-1 -> 0.077399911 | F71: =F70/AVERAGE(Inputs!E205,Inputs!F205)-1 -> 0.072868897 | G71: =G70/AVERAGE(Inputs!F205,Inputs!G205)-1 -> 0.070565988 | H71: =H70/D70-1 -> 0.059937727
B72: Sequential change ($m) | E72: =IFERROR(E70-D70,"") -> 31.35 | F72: =IFERROR(F70-E70,"") -> 17.9 | G72: =IFERROR(G70-F70,"") -> 22.6 | H72: =IFERROR(H70-G70,"") -> 20.55
B74: Quarterly ASV realization factor | C74: =IF(C18="","",C18) | D74: =IF(D18="","",D18) -> 1.0085729 | E74: =IF(E18="","",E18) -> 1.0074726 | F74: =IF(F18="","",F18) -> 1.0049546 | G74: =IF(G18="","",G18) -> 1.0096129 | H74: =IF(H18="","",H18) -> 1.0159119
B75: Change (basis points) | E75: =IFERROR((E74-D74)*Inputs!$H$85,"") -> -11.003279 | F75: =IFERROR((F74-E74)*Inputs!$H$85,"") -> -25.179993 | G75: =IFERROR((G74-F74)*Inputs!$H$85,"") -> 46.583572 | H75: =IFERROR((H74-G74)*Inputs!$H$85,"") -> 62.989315
B76: Sequential absolute change | E76: =IFERROR(E74-D74,"") -> -0.0011003279 | F76: =IFERROR(F74-E74,"") -> -0.0025179993 | G76: =IFERROR(G74-F74,"") -> 0.0046583572 | H76: =IFERROR(H74-G74,"") -> 0.0062989315
B78: Subscription / segment revenue | C78: =IF(C21="","",C21) -> 1506.108 | D78: =IF(D21="","",D21) -> 388.704 | E78: =IF(E21="","",E21) -> 396.176 | F78: =IF(F21="","",F21) -> 399.683 | G78: =IF(G21="","",G21) -> 407.24 | H78: =IF(H21="","",H21) -> 415
B79: Organic Y/Y | C79: =IF(C22="","",C22) | D79: =IF(D22="","",D22) -> 0.072286897 | E79: =IF(E22="","",E22) -> 0.078787285 | F79: =IF(F22="","",F22) -> 0.081214951 | G79: =IF(G22="","",G22) -> 0.07 | H79: =IF(H22="","",H22) -> 0.067650449
B80: M&A / scope Y/Y | C80: =IF(C23="","",C23) | D80: =IF(D23="","",D23) -> 0 | E80: =IF(E23="","",E23) -> 0 | F80: =IF(F23="","",F23) -> 0 | G80: =IF(G23="","",G23) -> 0.00025527092 | H80: =IF(H23="","",H23) -> 0
B81: FX impact Y/Y | C81: =IF(C24="","",C24) | D81: =IF(D24="","",D24) -> 0 | E81: =IF(E24="","",E24) -> 0 | F81: =IF(F24="","",F24) -> 0 | G81: =IF(G24="","",G24) -> 0 | H81: =IF(H24="","",H24) -> 0
B82: Total Y/Y | C82: =IF(C25="","",C25) | D82: =IF(D25="","",D25) -> 0.072286897 | E82: =IF(E25="","",E25) -> 0.078787285 | F82: =IF(F25="","",F25) -> 0.081214951 | G82: =IF(G25="","",G25) -> 0.07027314 | H82: =IF(H25="","",H25) -> 0.067650449
B83: Sequential growth | C83: =IF(C26="","",C26) | D83: =IF(D26="","",D26) | E83: =IF(E26="","",E26) -> 0.019222853 | F83: =IF(F26="","",F26) -> 0.0088521263 | G83: =IF(G26="","",G26) -> 0.018907484 | H83: =IF(H26="","",H26) -> 0.019055103
B84: Sequential change in revenue ($m) | D84: =D78-Inputs!G185 -> 8.203 | E84: =E78-D78 -> 7.472 | F84: =F78-E78 -> 3.507 | G84: =G78-F78 -> 7.557 | H84: =H78-G78 -> 7.76
B85: Reported segment operating profit | C85: =IF(C29="","",C29) -> 305.963 | D85: =IF(D29="","",D29) -> 69.473 | E85: =IF(E29="","",E29) -> 78.533 | F85: =IF(F29="","",F29) -> 74.201 | G85: =IF(G29="","",G29) -> 63.587 | H85: =IF(H29="","",H29) -> 74.534
B86: Y/Y change | E86: =E85/Inputs!E208-1 -> -0.039915401 | F86: =F85/Inputs!F208-1 -> 0.014686778 | G86: =G85/Inputs!G208-1 -> -0.22041317 | H86: =H85/D85-1 -> 0.072848445
B87: Sequential change ($m) | E87: =IFERROR(E85-D85,"") -> 9.06 | F87: =IFERROR(F85-E85,"") -> -4.332 | G87: =IFERROR(G85-F85,"") -> -10.614 | H87: =IFERROR(H85-G85,"") -> 10.947
B88: Operating profit margin | C88: =IF(C30="","",C30) -> 0.20314811 | D88: =IF(D30="","",D30) -> 0.17872983 | E88: =IF(E30="","",E30) -> 0.19822756 | F88: =IF(F30="","",F30) -> 0.18564963 | G88: =IF(G30="","",G30) -> 0.15614134 | H88: =IF(H30="","",H30) -> 0.1796
B89: Change (basis points) | E89: =IFERROR((E88-D88)*Inputs!$H$85,"") -> 194.97725 | F89: =IFERROR((F88-E88)*Inputs!$H$85,"") -> -125.77928 | G89: =IFERROR((G88-F88)*Inputs!$H$85,"") -> -295.08286 | H89: =IFERROR((H88-G88)*Inputs!$H$85,"") -> 234.58658

Sheet Segment - EMEA
B2: FactSet Research Systems Inc.
B3: Segment - EMEA
B4: $ millions, except per share
C6: FY25A | D6: 4Q25A | E6: 1Q26A | F6: 2Q26A | G6: 3Q26A | H6: 4Q26E
C7: 45900 | D7: 45900 | E7: 45991 | F7: 46081 | G7: 46173 | H7: 46265
C8: 365 | D8: 92 | E8: 91 | F8: 90 | G8: 92 | H8: 92
B10: Opening annual subscription value | D10: =Inputs!D198 -> 581.9 | E10: =D14 -> 591.6 | F10: =E14 -> 591 | G10: =F14 -> 595.2 | H10: =G14 -> 608.1
B11: Gross ASV additions — unavailable | J11: Gross adds, churn and client counts by geographic segment not disclosed in FY26 Q3 10-Q; net ASV additions are forecast assumptions.
B12: Terminations / churn — unavailable
B13: Net ASV additions | D13: =D14-D10 -> 9.7 | E13: =E14-E10 -> -0.6 | F13: =F14-F10 -> 4.2 | G13: =G14-G10 -> 12.9 | H13: 6
B14: Closing annual subscription value | C14: =Inputs!C112 -> 591.6 | D14: =Inputs!D112 -> 591.6 | E14: =Inputs!E112 -> 591 | F14: =Inputs!F112 -> 595.2 | G14: =Inputs!G112 -> 608.1 | H14: =SUM(H10,H13) -> 614.1
B15: Y/Y change, closing ASV | D15: =D14/Inputs!D206-1 -> 0.038441285 | E15: =E14/Inputs!E206-1 -> 0.032494759 | F15: =F14/Inputs!F206-1 -> 0.041834413 | G15: =G14/Inputs!G206-1 -> 0.045024918 | H15: =H14/D14-1 -> 0.038032454
B16: Sequential change, closing ASV | D16: =D14-D10 -> 9.7 | E16: =E14-D14 -> -0.6 | F16: =F14-E14 -> 4.2 | G16: =G14-F14 -> 12.9 | H16: =H14-G14 -> 6
B17: Average annual subscription value | D17: =AVERAGE(D10,D14) -> 586.75 | E17: =AVERAGE(E10,E14) -> 591.3 | F17: =AVERAGE(F10,F14) -> 593.1 | G17: =AVERAGE(G10,G14) -> 601.65 | H17: =AVERAGE(G14,H14) -> 611.1
B18: Quarterly realization factor | D18: =D19/(D17/Inputs!$H$84) -> 1.0050686 | E18: =E19/(E17/Inputs!$H$84) -> 1.011446 | F18: =F19/(F17/Inputs!$H$84) -> 1.0056989 | G18: =G19/(G17/Inputs!$H$84) -> 1.0101554 | H18: 0.97529046 | J18: Analyst-calibrated realization factor targets a 149m regional revenue forecast using independently sourced ASV balances and estimated net ASV adds; not a published issuer conversion metric. September 25 Zacks regional preview available in Sources!E20.
B19: Subscription and related revenue | C19: =Inputs!C151 -> 580.284 | D19: =Inputs!D151 -> 147.431 | E19: =Inputs!E151 -> 149.517 | F19: =Inputs!F151 -> 149.12 | G19: =Inputs!G151 -> 151.94 | H19: =H17/Inputs!$H$84*H18 -> 149
B20: Other product revenue — undisclosed
B21: Segment revenue | C21: =C19 -> 580.284 | D21: =D19 -> 147.431 | E21: =E19 -> 149.517 | F21: =F19 -> 149.12 | G21: =G19 -> 151.94 | H21: =H19 -> 149
B22: Organic Y/Y | D22: =(1+D25)/((1+D23)*(1+D24))-1 -> 0.030265549 | E22: =(1+E25)/((1+E23)*(1+E24))-1 -> 0.040299182 | F22: =(1+F25)/((1+F23)*(1+F24))-1 -> 0.039982704 | G22: =(1+G25)/((1+G23)*(1+G24))-1 -> 0.053 | H22: =(1+H25)/((1+H23)*(1+H24))-1 -> 0.010642267
B23: M&A / scope Y/Y | D23: 0 | E23: 0 | F23: 0 | G23: =(1+G25)/(1+Inputs!G193)-1 -> -0.0099388804 | H23: 0
B24: FX impact Y/Y | D24: 0 | E24: 0 | F24: 0 | G24: 0 | H24: 0
B25: Total Y/Y | D25: =D21/Inputs!D186-1 -> 0.030265549 | E25: =E21/Inputs!E186-1 -> 0.040299182 | F25: =F21/Inputs!F186-1 -> 0.039982704 | G25: =G21/Inputs!G186-1 -> 0.042534359 | H25: =H21/D21-1 -> 0.010642267
B26: Sequential growth | E26: =E21/D21-1 -> 0.014148992 | F26: =F21/E21-1 -> -0.0026552165 | G26: =G21/F21-1 -> 0.018910944 | H26: =H21/G21-1 -> -0.019349743
B27: Share of total revenue | C27: =C21/'Revenue summary'!C10 -> 0.2499341 | D27: =D21/'Revenue summary'!D10 -> 0.24699406 | E27: =E21/'Revenue summary'!E10 -> 0.24606951 | F27: =F21/'Revenue summary'!F10 -> 0.24405133 | G27: =G21/'Revenue summary'!G10 -> 0.24391653 | H27: =H21/'Revenue summary'!H10 -> 0.2374502
B28: Forecast operating-margin assumption | H28: 0.4303 | J28: Forecast segment margin is an analyst assumption informed by FY25 Q4 and FY26 Q3 geographic-segment results; no company Q4 margin is published.
B29: Reported segment operating profit | C29: =Inputs!C170 -> 274.002 | D29: =Inputs!D170 -> 65.369 | E29: =Inputs!E170 -> 68.154 | F29: =Inputs!F170 -> 66.242 | G29: =Inputs!G170 -> 58.182 | H29: =H21*H28 -> 64.1147
B30: Operating profit margin | C30: =C29/C21 -> 0.47218603 | D30: =D29/D21 -> 0.44338708 | E30: =E29/E21 -> 0.45582777 | F30: =F29/F21 -> 0.44421942 | G30: =G29/G21 -> 0.38292747 | H30: =H29/H21 -> 0.4303
B31: Margin change (bps) | E31: =(E30-D30)*Inputs!$H$85 -> 124.40689 | F31: =(F30-E30)*Inputs!$H$85 -> -116.08345 | G31: =(G30-F30)*Inputs!$H$85 -> -612.91949 | H31: =(H30-G30)*Inputs!$H$85 -> 473.72529
B33: Client opening balance — regional unavailable
B34: Gross client additions — regional unavailable
B35: Client terminations — regional unavailable
B36: Client closing balance — regional unavailable
B37: User count — regional unavailable
B38: Client retention — regional unavailable
B39: ASV retained — regional unavailable
B40: Opening ASV growth Y/Y | H40: =H10/D10-1 -> 0.045024918
B41: Opening ASV sequential change | H41: =H10-G10 -> 12.9
B42: Net ASV additions Y/Y change | E42: =E13/(Inputs!E206-Inputs!D206)-1 -> -1.2222222 | F42: =F13/(Inputs!F206-Inputs!E206)-1 -> -4.8181818 | G42: =G13/(Inputs!G206-Inputs!F206)-1 -> 0.21698113 | H42: =H13/(D14-Inputs!G206)-1 -> -0.3814433
B43: Net ASV adds sequential change | E43: =E13-D13 -> -10.3 | F43: =F13-E13 -> 4.8 | G43: =G13-F13 -> 8.7 | H43: =H13-G13 -> -6.9
B44: Average ASV sequential change | H44: =H17-G17 -> 9.45
B45: Realization factor change (bps) | H45: =(H18-G18)*Inputs!$H$85 -> -348.64946
B46: Opening ASV Y/Y absolute change | H46: =H10-D10 -> 26.2
B47: Average ASV Y/Y growth | H47: =H17/D17-1 -> 0.041499787
B48: Segment operating margin change (bps) | H48: =(H30-G30)*Inputs!$H$85 -> 473.72529
B51: ASV and profitability driver ladder | J51: Linked detail: every figure refers to the segment driver above; regional gross adds and churn are not reported and remain unavailable.
B52: Opening annual subscription value | C52: =IF(C10="","",C10) | D52: =IF(D10="","",D10) -> 581.9 | E52: =IF(E10="","",E10) -> 591.6 | F52: =IF(F10="","",F10) -> 591 | G52: =IF(G10="","",G10) -> 595.2 | H52: =IF(H10="","",H10) -> 608.1
B53: Y/Y change | E53: =E52/Inputs!D206-1 -> 0.038441285 | F53: =F52/Inputs!E206-1 -> 0.032494759 | G53: =G52/Inputs!F206-1 -> 0.041834413 | H53: =H52/Inputs!G206-1 -> 0.045024918
B54: Sequential change ($m) | H54: =H52-G52 -> 12.9
B56: Gross additions — unavailable
B59: Terminations — unavailable
B62: Net annual subscription additions | C62: =IF(C13="","",C13) | D62: =IF(D13="","",D13) -> 9.7 | E62: =IF(E13="","",E13) -> -0.6 | F62: =IF(F13="","",F13) -> 4.2 | G62: =IF(G13="","",G13) -> 12.9 | H62: =IF(H13="","",H13) -> 6
B63: Y/Y change | E63: =E62/(Inputs!E206-Inputs!D206)-1 -> -1.2222222 | F63: =F62/(Inputs!F206-Inputs!E206)-1 -> -4.8181818 | G63: =G62/(Inputs!G206-Inputs!F206)-1 -> 0.21698113 | H63: =H62/(D14-Inputs!G206)-1 -> -0.3814433
B64: Sequential change ($m) | E64: =IFERROR(E62-D62,"") -> -10.3 | F64: =IFERROR(F62-E62,"") -> 4.8 | G64: =IFERROR(G62-F62,"") -> 8.7 | H64: =IFERROR(H62-G62,"") -> -6.9
B66: Closing annual subscription value | C66: =IF(C14="","",C14) -> 591.6 | D66: =IF(D14="","",D14) -> 591.6 | E66: =IF(E14="","",E14) -> 591 | F66: =IF(F14="","",F14) -> 595.2 | G66: =IF(G14="","",G14) -> 608.1 | H66: =IF(H14="","",H14) -> 614.1
B67: Y/Y change | D67: =D66/Inputs!D206-1 -> 0.038441285 | E67: =E66/Inputs!E206-1 -> 0.032494759 | F67: =F66/Inputs!F206-1 -> 0.041834413 | G67: =G66/Inputs!G206-1 -> 0.045024918 | H67: =H66/D66-1 -> 0.038032454
B68: Sequential change ($m) | D68: =IFERROR(D66-D52,"") -> 9.7 | E68: =IFERROR(E66-E52,"") -> -0.6 | F68: =IFERROR(F66-F52,"") -> 4.2 | G68: =IFERROR(G66-G52,"") -> 12.9 | H68: =IFERROR(H66-H52,"") -> 6
B70: Average annual subscription value | C70: =IF(C17="","",C17) | D70: =IF(D17="","",D17) -> 586.75 | E70: =IF(E17="","",E17) -> 591.3 | F70: =IF(F17="","",F17) -> 593.1 | G70: =IF(G17="","",G17) -> 601.65 | H70: =IF(H17="","",H17) -> 611.1
B71: Y/Y change | E71: =E70/AVERAGE(Inputs!D206,Inputs!E206)-1 -> 0.035460993 | F71: =F70/AVERAGE(Inputs!E206,Inputs!F206)-1 -> 0.037160094 | G71: =G70/AVERAGE(Inputs!F206,Inputs!G206)-1 -> 0.043444329 | H71: =H70/D70-1 -> 0.041499787
B72: Sequential change ($m) | E72: =IFERROR(E70-D70,"") -> 4.55 | F72: =IFERROR(F70-E70,"") -> 1.8 | G72: =IFERROR(G70-F70,"") -> 8.55 | H72: =IFERROR(H70-G70,"") -> 9.45
B74: Quarterly ASV realization factor | C74: =IF(C18="","",C18) | D74: =IF(D18="","",D18) -> 1.0050686 | E74: =IF(E18="","",E18) -> 1.011446 | F74: =IF(F18="","",F18) -> 1.0056989 | G74: =IF(G18="","",G18) -> 1.0101554 | H74: =IF(H18="","",H18) -> 0.97529046
B75: Change (basis points) | E75: =IFERROR((E74-D74)*Inputs!$H$85,"") -> 63.773683 | F75: =IFERROR((F74-E74)*Inputs!$H$85,"") -> -57.470962 | G75: =IFERROR((G74-F74)*Inputs!$H$85,"") -> 44.565356 | H75: =IFERROR((H74-G74)*Inputs!$H$85,"") -> -348.64946
B76: Sequential absolute change | E76: =IFERROR(E74-D74,"") -> 0.0063773683 | F76: =IFERROR(F74-E74,"") -> -0.0057470962 | G76: =IFERROR(G74-F74,"") -> 0.0044565356 | H76: =IFERROR(H74-G74,"") -> -0.034864946
B78: Subscription / segment revenue | C78: =IF(C21="","",C21) -> 580.284 | D78: =IF(D21="","",D21) -> 147.431 | E78: =IF(E21="","",E21) -> 149.517 | F78: =IF(F21="","",F21) -> 149.12 | G78: =IF(G21="","",G21) -> 151.94 | H78: =IF(H21="","",H21) -> 149
B79: Organic Y/Y | C79: =IF(C22="","",C22) | D79: =IF(D22="","",D22) -> 0.030265549 | E79: =IF(E22="","",E22) -> 0.040299182 | F79: =IF(F22="","",F22) -> 0.039982704 | G79: =IF(G22="","",G22) -> 0.053 | H79: =IF(H22="","",H22) -> 0.010642267
B80: M&A / scope Y/Y | C80: =IF(C23="","",C23) | D80: =IF(D23="","",D23) -> 0 | E80: =IF(E23="","",E23) -> 0 | F80: =IF(F23="","",F23) -> 0 | G80: =IF(G23="","",G23) -> -0.0099388804 | H80: =IF(H23="","",H23) -> 0
B81: FX impact Y/Y | C81: =IF(C24="","",C24) | D81: =IF(D24="","",D24) -> 0 | E81: =IF(E24="","",E24) -> 0 | F81: =IF(F24="","",F24) -> 0 | G81: =IF(G24="","",G24) -> 0 | H81: =IF(H24="","",H24) -> 0
B82: Total Y/Y | C82: =IF(C25="","",C25) | D82: =IF(D25="","",D25) -> 0.030265549 | E82: =IF(E25="","",E25) -> 0.040299182 | F82: =IF(F25="","",F25) -> 0.039982704 | G82: =IF(G25="","",G25) -> 0.042534359 | H82: =IF(H25="","",H25) -> 0.010642267
B83: Sequential growth | C83: =IF(C26="","",C26) | D83: =IF(D26="","",D26) | E83: =IF(E26="","",E26) -> 0.014148992 | F83: =IF(F26="","",F26) -> -0.0026552165 | G83: =IF(G26="","",G26) -> 0.018910944 | H83: =IF(H26="","",H26) -> -0.019349743
B84: Sequential change in revenue ($m) | D84: =D78-Inputs!G186 -> 1.69 | E84: =E78-D78 -> 2.086 | F84: =F78-E78 -> -0.397 | G84: =G78-F78 -> 2.82 | H84: =H78-G78 -> -2.94
B85: Reported segment operating profit | C85: =IF(C29="","",C29) -> 274.002 | D85: =IF(D29="","",D29) -> 65.369 | E85: =IF(E29="","",E29) -> 68.154 | F85: =IF(F29="","",F29) -> 66.242 | G85: =IF(G29="","",G29) -> 58.182 | H85: =IF(H29="","",H29) -> 64.1147
B86: Y/Y change | E86: =E85/Inputs!E209-1 -> -0.012804542 | F86: =F85/Inputs!F209-1 -> -0.061302573 | G86: =G85/Inputs!G209-1 -> -0.15711243 | H86: =H85/D85-1 -> -0.019187994
B87: Sequential change ($m) | E87: =IFERROR(E85-D85,"") -> 2.785 | F87: =IFERROR(F85-E85,"") -> -1.912 | G87: =IFERROR(G85-F85,"") -> -8.06 | H87: =IFERROR(H85-G85,"") -> 5.9327
B88: Operating profit margin | C88: =IF(C30="","",C30) -> 0.47218603 | D88: =IF(D30="","",D30) -> 0.44338708 | E88: =IF(E30="","",E30) -> 0.45582777 | F88: =IF(F30="","",F30) -> 0.44421942 | G88: =IF(G30="","",G30) -> 0.38292747 | H88: =IF(H30="","",H30) -> 0.4303
B89: Change (basis points) | E89: =IFERROR((E88-D88)*Inputs!$H$85,"") -> 124.40689 | F89: =IFERROR((F88-E88)*Inputs!$H$85,"") -> -116.08345 | G89: =IFERROR((G88-F88)*Inputs!$H$85,"") -> -612.91949 | H89: =IFERROR((H88-G88)*Inputs!$H$85,"") -> 473.72529

Sheet Segment - Asia Pacific
B2: FactSet Research Systems Inc.
B3: Segment - Asia Pacific
B4: $ millions, except per share
C6: FY25A | D6: 4Q25A | E6: 1Q26A | F6: 2Q26A | G6: 3Q26A | H6: 4Q26E
C7: 45900 | D7: 45900 | E7: 45991 | F7: 46081 | G7: 46173 | H7: 46265
C8: 365 | D8: 92 | E8: 91 | F8: 90 | G8: 92 | H8: 92
B10: Opening annual subscription value | D10: =Inputs!D199 -> 240.1 | E10: =D14 -> 243.9 | F10: =E14 -> 244.3 | G10: =F14 -> 249.1 | H10: =G14 -> 255.2
B11: Gross ASV additions — unavailable | J11: Gross adds, churn and client counts by geographic segment not disclosed in FY26 Q3 10-Q; net ASV additions are forecast assumptions.
B12: Terminations / churn — unavailable
B13: Net ASV additions | D13: =D14-D10 -> 3.8 | E13: =E14-E10 -> 0.4 | F13: =F14-F10 -> 4.8 | G13: =G14-G10 -> 6.1 | H13: 4.8
B14: Closing annual subscription value | C14: =Inputs!C111 -> 243.9 | D14: =Inputs!D111 -> 243.9 | E14: =Inputs!E111 -> 244.3 | F14: =Inputs!F111 -> 249.1 | G14: =Inputs!G111 -> 255.2 | H14: =SUM(H10,H13) -> 260
B15: Y/Y change, closing ASV | D15: =D14/Inputs!D207-1 -> 0.059053409 | E15: =E14/Inputs!E207-1 -> 0.066812227 | F15: =F14/Inputs!F207-1 -> 0.065896448 | G15: =G14/Inputs!G207-1 -> 0.062890462 | H15: =H14/D14-1 -> 0.06601066
B16: Sequential change, closing ASV | D16: =D14-D10 -> 3.8 | E16: =E14-D14 -> 0.4 | F16: =F14-E14 -> 4.8 | G16: =G14-F14 -> 6.1 | H16: =H14-G14 -> 4.8
B17: Average annual subscription value | D17: =AVERAGE(D10,D14) -> 242 | E17: =AVERAGE(E10,E14) -> 244.1 | F17: =AVERAGE(F10,F14) -> 246.7 | G17: =AVERAGE(G10,G14) -> 252.15 | H17: =AVERAGE(G14,H14) -> 257.6
B18: Quarterly realization factor | D18: =D19/(D17/Inputs!$H$84) -> 1.0043967 | E18: =E19/(E17/Inputs!$H$84) -> 1.0147972 | F18: =F19/(F17/Inputs!$H$84) -> 1.0087718 | G18: =G19/(G17/Inputs!$H$84) -> 1.0111124 | H18: 0.98602484 | J18: Analyst-calibrated realization factor targets a 63.5m regional revenue forecast using independently sourced ASV balances and estimated net ASV adds; not a published issuer conversion metric. September 25 Zacks regional preview available in Sources!E20.
B19: Subscription and related revenue | C19: =Inputs!C107 -> 235.356 | D19: =Inputs!D107 -> 60.766 | E19: =Inputs!E107 -> 61.928 | F19: =Inputs!F107 -> 62.216 | G19: =Inputs!G107 -> 63.738 | H19: =H17/Inputs!$H$84*H18 -> 63.5
B20: Other product revenue — undisclosed
B21: Segment revenue | C21: =C19 -> 235.356 | D21: =D19 -> 60.766 | E21: =E19 -> 61.928 | F21: =F19 -> 62.216 | G21: =G19 -> 63.738 | H21: =H19 -> 63.5
B22: Organic Y/Y | D22: =(1+D25)/((1+D23)*(1+D24))-1 -> 0.07360424 | E22: =(1+E25)/((1+E23)*(1+E24))-1 -> 0.073275563 | F22: =(1+F25)/((1+F23)*(1+F24))-1 -> 0.079913907 | G22: =(1+G25)/((1+G23)*(1+G24))-1 -> 0.105 | H22: =(1+H25)/((1+H23)*(1+H24))-1 -> 0.044992265
B23: M&A / scope Y/Y | D23: 0 | E23: 0 | F23: 0 | G23: =(1+G25)/(1+Inputs!G194)-1 -> -0.026933298 | H23: 0
B24: FX impact Y/Y | D24: 0 | E24: 0 | F24: 0 | G24: 0 | H24: 0
B25: Total Y/Y | D25: =D21/Inputs!D187-1 -> 0.07360424 | E25: =E21/Inputs!E187-1 -> 0.073275563 | F25: =F21/Inputs!F187-1 -> 0.079913907 | G25: =G21/Inputs!G187-1 -> 0.075238706 | H25: =H21/D21-1 -> 0.044992265
B26: Sequential growth | E26: =E21/D21-1 -> 0.019122536 | F26: =F21/E21-1 -> 0.0046505619 | G26: =G21/F21-1 -> 0.024463161 | H26: =H21/G21-1 -> -0.0037340362
B27: Share of total revenue | C27: =C21/'Revenue summary'!C10 -> 0.10137017 | D27: =D21/'Revenue summary'!D10 -> 0.10180248 | E27: =E21/'Revenue summary'!E10 -> 0.10191879 | F27: =F21/'Revenue summary'!F10 -> 0.10182335 | G27: =G21/'Revenue summary'!G10 -> 0.10232165 | H27: =H21/'Revenue summary'!H10 -> 0.10119522
B28: Forecast operating-margin assumption | H28: 0.6638 | J28: Forecast segment margin is an analyst assumption informed by FY25 Q4 and FY26 Q3 geographic-segment results; no company Q4 margin is published.
B29: Reported segment operating profit | C29: =Inputs!C169 -> 168.338 | D29: =Inputs!D169 -> 42.479 | E29: =Inputs!E169 -> 45.384 | F29: =Inputs!F169 -> 44.518 | G29: =Inputs!G169 -> 44.532 | H29: =H21*H28 -> 42.1513
B30: Operating profit margin | C30: =C29/C21 -> 0.71524839 | D30: =D29/D21 -> 0.69905868 | E30: =E29/E21 -> 0.73285105 | F30: =F29/F21 -> 0.71553941 | G30: =G29/G21 -> 0.69867269 | H30: =H29/H21 -> 0.6638
B31: Margin change (bps) | E31: =(E30-D30)*Inputs!$H$85 -> 337.92369 | F31: =(F30-E30)*Inputs!$H$85 -> -173.11642 | G31: =(G30-F30)*Inputs!$H$85 -> -168.6672 | H31: =(H30-G30)*Inputs!$H$85 -> -348.72691
B33: Client opening balance — regional unavailable
B34: Gross client additions — regional unavailable
B35: Client terminations — regional unavailable
B36: Client closing balance — regional unavailable
B37: User count — regional unavailable
B38: Client retention — regional unavailable
B39: ASV retained — regional unavailable
B40: Opening ASV growth Y/Y | H40: =H10/D10-1 -> 0.062890462
B41: Opening ASV sequential change | H41: =H10-G10 -> 6.1
B42: Net ASV additions Y/Y change | E42: =E13/(Inputs!E207-Inputs!D207)-1 -> -1.3076923 | F42: =F13/(Inputs!F207-Inputs!E207)-1 -> 0.021276596 | G42: =G13/(Inputs!G207-Inputs!F207)-1 -> -0.046875 | H42: =H13/(D14-Inputs!G207)-1 -> 0.26315789
B43: Net ASV adds sequential change | E43: =E13-D13 -> -3.4 | F43: =F13-E13 -> 4.4 | G43: =G13-F13 -> 1.3 | H43: =H13-G13 -> -1.3
B44: Average ASV sequential change | H44: =H17-G17 -> 5.45
B45: Realization factor change (bps) | H45: =(H18-G18)*Inputs!$H$85 -> -250.87588
B46: Opening ASV Y/Y absolute change | H46: =H10-D10 -> 15.1
B47: Average ASV Y/Y growth | H47: =H17/D17-1 -> 0.06446281
B48: Segment operating margin change (bps) | H48: =(H30-G30)*Inputs!$H$85 -> -348.72691
B51: ASV and profitability driver ladder | J51: Linked detail: every figure refers to the segment driver above; regional gross adds and churn are not reported and remain unavailable.
B52: Opening annual subscription value | C52: =IF(C10="","",C10) | D52: =IF(D10="","",D10) -> 240.1 | E52: =IF(E10="","",E10) -> 243.9 | F52: =IF(F10="","",F10) -> 244.3 | G52: =IF(G10="","",G10) -> 249.1 | H52: =IF(H10="","",H10) -> 255.2
B53: Y/Y change | E53: =E52/Inputs!D207-1 -> 0.059053409 | F53: =F52/Inputs!E207-1 -> 0.066812227 | G53: =G52/Inputs!F207-1 -> 0.065896448 | H53: =H52/Inputs!G207-1 -> 0.062890462
B54: Sequential change ($m) | H54: =H52-G52 -> 6.1
B56: Gross additions — unavailable
B59: Terminations — unavailable
B62: Net annual subscription additions | C62: =IF(C13="","",C13) | D62: =IF(D13="","",D13) -> 3.8 | E62: =IF(E13="","",E13) -> 0.4 | F62: =IF(F13="","",F13) -> 4.8 | G62: =IF(G13="","",G13) -> 6.1 | H62: =IF(H13="","",H13) -> 4.8
B63: Y/Y change | E63: =E62/(Inputs!E207-Inputs!D207)-1 -> -1.3076923 | F63: =F62/(Inputs!F207-Inputs!E207)-1 -> 0.021276596 | G63: =G62/(Inputs!G207-Inputs!F207)-1 -> -0.046875 | H63: =H62/(D14-Inputs!G207)-1 -> 0.26315789
B64: Sequential change ($m) | E64: =IFERROR(E62-D62,"") -> -3.4 | F64: =IFERROR(F62-E62,"") -> 4.4 | G64: =IFERROR(G62-F62,"") -> 1.3 | H64: =IFERROR(H62-G62,"") -> -1.3
B66: Closing annual subscription value | C66: =IF(C14="","",C14) -> 243.9 | D66: =IF(D14="","",D14) -> 243.9 | E66: =IF(E14="","",E14) -> 244.3 | F66: =IF(F14="","",F14) -> 249.1 | G66: =IF(G14="","",G14) -> 255.2 | H66: =IF(H14="","",H14) -> 260
B67: Y/Y change | D67: =D66/Inputs!D207-1 -> 0.059053409 | E67: =E66/Inputs!E207-1 -> 0.066812227 | F67: =F66/Inputs!F207-1 -> 0.065896448 | G67: =G66/Inputs!G207-1 -> 0.062890462 | H67: =H66/D66-1 -> 0.06601066
B68: Sequential change ($m) | D68: =IFERROR(D66-D52,"") -> 3.8 | E68: =IFERROR(E66-E52,"") -> 0.4 | F68: =IFERROR(F66-F52,"") -> 4.8 | G68: =IFERROR(G66-G52,"") -> 6.1 | H68: =IFERROR(H66-H52,"") -> 4.8
B70: Average annual subscription value | C70: =IF(C17="","",C17) | D70: =IF(D17="","",D17) -> 242 | E70: =IF(E17="","",E17) -> 244.1 | F70: =IF(F17="","",F17) -> 246.7 | G70: =IF(G17="","",G17) -> 252.15 | H70: =IF(H17="","",H17) -> 257.6
B71: Y/Y change | E71: =E70/AVERAGE(Inputs!D207,Inputs!E207)-1 -> 0.062921838 | F71: =F70/AVERAGE(Inputs!E207,Inputs!F207)-1 -> 0.066349687 | G71: =G70/AVERAGE(Inputs!F207,Inputs!G207)-1 -> 0.064373153 | H71: =H70/D70-1 -> 0.06446281
B72: Sequential change ($m) | E72: =IFERROR(E70-D70,"") -> 2.1 | F72: =IFERROR(F70-E70,"") -> 2.6 | G72: =IFERROR(G70-F70,"") -> 5.45 | H72: =IFERROR(H70-G70,"") -> 5.45
B74: Quarterly ASV realization factor | C74: =IF(C18="","",C18) | D74: =IF(D18="","",D18) -> 1.0043967 | E74: =IF(E18="","",E18) -> 1.0147972 | F74: =IF(F18="","",F18) -> 1.0087718 | G74: =IF(G18="","",G18) -> 1.0111124 | H74: =IF(H18="","",H18) -> 0.98602484
B75: Change (basis points) | E75: =IFERROR((E74-D74)*Inputs!$H$85,"") -> 104.0052 | F75: =IFERROR((F74-E74)*Inputs!$H$85,"") -> -60.254267 | G75: =IFERROR((G74-F74)*Inputs!$H$85,"") -> 23.406455 | H75: =IFERROR((H74-G74)*Inputs!$H$85,"") -> -250.87588
B76: Sequential absolute change | E76: =IFERROR(E74-D74,"") -> 0.01040052 | F76: =IFERROR(F74-E74,"") -> -0.0060254267 | G76: =IFERROR(G74-F74,"") -> 0.0023406455 | H76: =IFERROR(H74-G74,"") -> -0.025087588
B78: Subscription / segment revenue | C78: =IF(C21="","",C21) -> 235.356 | D78: =IF(D21="","",D21) -> 60.766 | E78: =IF(E21="","",E21) -> 61.928 | F78: =IF(F21="","",F21) -> 62.216 | G78: =IF(G21="","",G21) -> 63.738 | H78: =IF(H21="","",H21) -> 63.5
B79: Organic Y/Y | C79: =IF(C22="","",C22) | D79: =IF(D22="","",D22) -> 0.07360424 | E79: =IF(E22="","",E22) -> 0.073275563 | F79: =IF(F22="","",F22) -> 0.079913907 | G79: =IF(G22="","",G22) -> 0.105 | H79: =IF(H22="","",H22) -> 0.044992265
B80: M&A / scope Y/Y | C80: =IF(C23="","",C23) | D80: =IF(D23="","",D23) -> 0 | E80: =IF(E23="","",E23) -> 0 | F80: =IF(F23="","",F23) -> 0 | G80: =IF(G23="","",G23) -> -0.026933298 | H80: =IF(H23="","",H23) -> 0
B81: FX impact Y/Y | C81: =IF(C24="","",C24) | D81: =IF(D24="","",D24) -> 0 | E81: =IF(E24="","",E24) -> 0 | F81: =IF(F24="","",F24) -> 0 | G81: =IF(G24="","",G24) -> 0 | H81: =IF(H24="","",H24) -> 0
B82: Total Y/Y | C82: =IF(C25="","",C25) | D82: =IF(D25="","",D25) -> 0.07360424 | E82: =IF(E25="","",E25) -> 0.073275563 | F82: =IF(F25="","",F25) -> 0.079913907 | G82: =IF(G25="","",G25) -> 0.075238706 | H82: =IF(H25="","",H25) -> 0.044992265
B83: Sequential growth | C83: =IF(C26="","",C26) | D83: =IF(D26="","",D26) | E83: =IF(E26="","",E26) -> 0.019122536 | F83: =IF(F26="","",F26) -> 0.0046505619 | G83: =IF(G26="","",G26) -> 0.024463161 | H83: =IF(H26="","",H26) -> -0.0037340362
B84: Sequential change in revenue ($m) | D84: =D78-Inputs!G187 -> 1.488 | E84: =E78-D78 -> 1.162 | F84: =F78-E78 -> 0.288 | G84: =G78-F78 -> 1.522 | H84: =H78-G78 -> -0.238
B85: Reported segment operating profit | C85: =IF(C29="","",C29) -> 168.338 | D85: =IF(D29="","",D29) -> 42.479 | E85: =IF(E29="","",E29) -> 45.384 | F85: =IF(F29="","",F29) -> 44.518 | G85: =IF(G29="","",G29) -> 44.532 | H85: =IF(H29="","",H29) -> 42.1513
B86: Y/Y change | E86: =E85/Inputs!E210-1 -> 0.12062026 | F86: =F85/Inputs!F210-1 -> 0.065100366 | G86: =G85/Inputs!G210-1 -> 0.022243647 | H86: =H85/D85-1 -> -0.0077144001
B87: Sequential change ($m) | E87: =IFERROR(E85-D85,"") -> 2.905 | F87: =IFERROR(F85-E85,"") -> -0.866 | G87: =IFERROR(G85-F85,"") -> 0.014 | H87: =IFERROR(H85-G85,"") -> -2.3807
B88: Operating profit margin | C88: =IF(C30="","",C30) -> 0.71524839 | D88: =IF(D30="","",D30) -> 0.69905868 | E88: =IF(E30="","",E30) -> 0.73285105 | F88: =IF(F30="","",F30) -> 0.71553941 | G88: =IF(G30="","",G30) -> 0.69867269 | H88: =IF(H30="","",H30) -> 0.6638
B89: Change (basis points) | E89: =IFERROR((E88-D88)*Inputs!$H$85,"") -> 337.92369 | F89: =IFERROR((F88-E88)*Inputs!$H$85,"") -> -173.11642 | G89: =IFERROR((G88-F88)*Inputs!$H$85,"") -> -168.6672 | H89: =IFERROR((H88-G88)*Inputs!$H$85,"") -> -348.72691

Sheet Income Statement
B2: FactSet Research Systems Inc.
B3: Income Statement
B4: $ millions, except per share
C6: FY25A | D6: 4Q25A | E6: 1Q26A | F6: 2Q26A | G6: 3Q26A | H6: 4Q26E
C7: 45900 | D7: 45900 | E7: 45991 | F7: 46081 | G7: 46173 | H7: 46265
C8: 365 | D8: 92 | E8: 91 | F8: 90 | G8: 92 | H8: 92
B10: Revenue | C10: ='Revenue summary'!C10 -> 2321.748 | D10: ='Revenue summary'!D10 -> 596.901 | E10: ='Revenue summary'!E10 -> 607.621 | F10: ='Revenue summary'!F10 -> 611.019 | G10: ='Revenue summary'!G10 -> 622.918 | H10: ='Revenue summary'!H10 -> 627.5
B11: Cost of services | C11: =IF(Inputs!C142="","",Inputs!C142) -> 1097.782 | D11: =IF(Inputs!D142="","",Inputs!D142) -> 288.67 | E11: =IF(Inputs!E142="","",Inputs!E142) -> 287.916 | F11: =IF(Inputs!F142="","",Inputs!F142) -> 296.742 | G11: =IF(Inputs!G142="","",Inputs!G142) -> 312.19 | H11: 305.7
B12: Gross profit | C12: =C10-C11 -> 1223.966 | D12: =D10-D11 -> 308.231 | E12: =E10-E11 -> 319.705 | F12: =F10-F11 -> 314.277 | G12: =G10-G11 -> 310.728 | H12: =H10-H11 -> 321.8
B13: Gross margin | C13: =C12/C10 -> 0.52717435 | D13: =D12/D10 -> 0.51638546 | E13: =E12/E10 -> 0.52615858 | F13: =F12/F10 -> 0.51434898 | G13: =G12/G10 -> 0.49882649 | H13: =H12/H10 -> 0.51282869
B14: Selling, general & administrative | C14: =IF(Inputs!C173="","",Inputs!C173) -> 475.663 | D14: =IF(Inputs!D173="","",Inputs!D173) -> 130.91 | E14: =IF(Inputs!E173="","",Inputs!E173) -> 127.634 | F14: =IF(Inputs!F173="","",Inputs!F173) -> 129.316 | G14: =IF(Inputs!G173="","",Inputs!G173) -> 144.427 | H14: 141
B15: Total operating expenses | C15: =SUM(C11,C14) -> 1573.445 | D15: =SUM(D11,D14) -> 419.58 | E15: =SUM(E11,E14) -> 415.55 | F15: =SUM(F11,F14) -> 426.058 | G15: =SUM(G11,G14) -> 456.617 | H15: =SUM(H11,H14) -> 446.7
B18: GAAP operating income | C18: =C10-C15 -> 748.303 | D18: =D10-D15 -> 177.321 | E18: =E10-E15 -> 192.071 | F18: =F10-F15 -> 184.961 | G18: =G10-G15 -> 166.301 | H18: =H10-H15 -> 180.8
B19: GAAP operating margin | C19: =C18/C10 -> 0.32230156 | D19: =D18/D10 -> 0.29706936 | E19: =E18/E10 -> 0.31610329 | F19: =F18/F10 -> 0.30270908 | G19: =G18/G10 -> 0.26697093 | H19: =H18/H10 -> 0.28812749
B20: Interest income | C20: =IF(Inputs!C156="","",Inputs!C156) -> 6.533 | D20: =IF(Inputs!D156="","",Inputs!D156) -> 2.05 | E20: =IF(Inputs!E156="","",Inputs!E156) -> 1.089 | F20: =IF(Inputs!F156="","",Inputs!F156) -> 0.891 | G20: =IF(Inputs!G156="","",Inputs!G156) -> 0.642 | H20: 0.65
B21: Interest expense | C21: =IF(Inputs!C155="","",Inputs!C155) -> -56.324 | D21: =IF(Inputs!D155="","",Inputs!D155) -> -12.886 | E21: =IF(Inputs!E155="","",Inputs!E155) -> -13.385 | F21: =IF(Inputs!F155="","",Inputs!F155) -> -13.062 | G21: =IF(Inputs!G155="","",Inputs!G155) -> -13.839 | H21: -13.8
B22: Other income / expense | C22: =IF(Inputs!C163="","",Inputs!C163) -> 22.446 | D22: =IF(Inputs!D163="","",Inputs!D163) -> 22.466 | E22: =IF(Inputs!E163="","",Inputs!E163) -> 10.338 | F22: =IF(Inputs!F163="","",Inputs!F163) -> -11.679 | G22: =IF(Inputs!G163="","",Inputs!G163) -> 1.017 | H22: -1.1
B23: Pretax income | C23: =SUM(C18,C20:C22) -> 720.958 | D23: =SUM(D18,D20:D22) -> 188.951 | E23: =SUM(E18,E20:E22) -> 190.113 | F23: =SUM(F18,F20:F22) -> 161.111 | G23: =SUM(G18,G20:G22) -> 154.121 | H23: =SUM(H18,H20:H22) -> 166.55
B24: Tax expense | C24: =IF(Inputs!C174="","",Inputs!C174) -> 123.918 | D24: =IF(Inputs!D174="","",Inputs!D174) -> 35.335 | E24: =IF(Inputs!E174="","",Inputs!E174) -> 37.533 | F24: =IF(Inputs!F174="","",Inputs!F174) -> 28.055 | G24: =IF(Inputs!G174="","",Inputs!G174) -> 27.403 | H24: =H23*H25 -> 30.81175
B25: Effective tax rate | C25: =C24/C23 -> 0.17187964 | D25: =D24/D23 -> 0.18700616 | E25: =E24/E23 -> 0.19742469 | F25: =F24/F23 -> 0.1741346 | G25: =G24/G23 -> 0.17780186 | H25: 0.185
B26: GAAP net income | C26: =C23-C24 -> 597.04 | D26: =D23-D24 -> 153.616 | E26: =E23-E24 -> 152.58 | F26: =F23-F24 -> 133.056 | G26: =G23-G24 -> 126.718 | H26: =H23-H24 -> 135.73825
B27: Net margin | C27: =C26/C10 -> 0.25715108 | D27: =D26/D10 -> 0.25735591 | E27: =E26/E10 -> 0.25111048 | F27: =F26/F10 -> 0.21776082 | G27: =G26/G10 -> 0.20342645 | H27: =H26/H10 -> 0.21631594
B28: Weighted basic shares (m) | C28: ='Share Count'!C14 -> 37.924 | D28: ='Share Count'!D14 -> 37.757 | E28: ='Share Count'!E14 -> 37.409 | F28: ='Share Count'!F14 -> 36.927 | G28: ='Share Count'!G14 -> 36.122 | H28: ='Share Count'!H14 -> 35.652453
B29: Weighted diluted shares (m) | C29: ='Share Count'!C19 -> 38.385 | D29: ='Share Count'!D19 -> 38.158 | E29: ='Share Count'!E19 -> 37.615 | F29: ='Share Count'!F19 -> 37.063 | G29: ='Share Count'!G19 -> 36.191 | H29: ='Share Count'!H19 -> 35.752453
B30: GAAP basic EPS | C30: =C26/C28 -> 15.743065 | D30: =D26/D28 -> 4.0685436 | E30: =E26/E28 -> 4.0786976 | F30: =F26/F28 -> 3.6032172 | G30: =G26/G28 -> 3.508056 | H30: =H26/H28 -> 3.8072626
B31: GAAP diluted EPS | C31: =C26/C29 -> 15.553992 | D31: =D26/D29 -> 4.0257875 | E31: =E26/E29 -> 4.0563605 | F31: =F26/F29 -> 3.5899954 | G31: =G26/G29 -> 3.5013677 | H31: =H26/H29 -> 3.7966136
B32: GAAP EPS recomputation — CHECK | C32: =C31-C26/C29 -> 0 | D32: =D31-D26/D29 -> 0 | E32: =E31-E26/E29 -> 0 | F32: =F31-F26/F29 -> 0 | G32: =G31-G26/G29 -> 0 | H32: =H31-H26/H29 -> 0
B34: GAAP to normalized: after-tax adjustments
B35: Intangible amortization | C35: =IF(Inputs!C92="","",Inputs!C92) -> 54.074 | D35: =IF(Inputs!D92="","",Inputs!D92) -> 16.301 | E35: =IF(Inputs!E92="","",Inputs!E92) -> 15.404 | F35: =IF(Inputs!F92="","",Inputs!F92) -> 15.121 | G35: =IF(Inputs!G92="","",Inputs!G92) -> 14.534 | H35: 14.4
B36: Restructuring / severance | C36: =IF(Inputs!C102="","",Inputs!C102) -> 0.192 | D36: =IF(Inputs!D102="","",Inputs!D102) -> 0.491 | E36: =IF(Inputs!E102="","",Inputs!E102) -> -0.402 | F36: =IF(Inputs!F102="","",Inputs!F102) -> 0.135 | G36: =IF(Inputs!G102="","",Inputs!G102) -> 15.03 | H36: 1.4
B37: CEO compensation | C37: =IF(Inputs!C95="","",Inputs!C95) | D37: =IF(Inputs!D95="","",Inputs!D95) | E37: =IF(Inputs!E95="","",Inputs!E95) -> 5.376 | F37: =IF(Inputs!F95="","",Inputs!F95) -> 3.109 | G37: =IF(Inputs!G95="","",Inputs!G95) -> 3.309 | H37: 0
B38: Business disposition / acquisitions | C38: =IF(Inputs!C91="","",Inputs!C91) -> 13.15 | D38: =IF(Inputs!D91="","",Inputs!D91) -> 2.55 | E38: =IF(Inputs!E91="","",Inputs!E91) -> 2.14 | F38: =IF(Inputs!F91="","",Inputs!F91) -> 1.611 | G38: =IF(Inputs!G91="","",Inputs!G91) -> 1.355 | H38: 0.2
B39: Impairment in other assets | C39: =IF(Inputs!C98="","",Inputs!C98) | D39: =IF(Inputs!D98="","",Inputs!D98) | E39: =IF(Inputs!E98="","",Inputs!E98) | F39: =IF(Inputs!F98="","",Inputs!F98) -> 10.249 | G39: =IF(Inputs!G98="","",Inputs!G98) -> 2.297 | H39: 0
B40: Client bankruptcy charges | C40: =IF(Inputs!C94="","",Inputs!C94) | D40: =IF(Inputs!D94="","",Inputs!D94) | E40: =IF(Inputs!E94="","",Inputs!E94) | F40: =IF(Inputs!F94="","",Inputs!F94) | G40: =IF(Inputs!G94="","",Inputs!G94) -> 0.574 | H40: 0
B41: India Labor Codes Reform | C41: =IF(Inputs!C100="","",Inputs!C100) | D41: =IF(Inputs!D100="","",Inputs!D100) | E41: =IF(Inputs!E100="","",Inputs!E100) | F41: =IF(Inputs!F100="","",Inputs!F100) -> 2.273 | G41: =IF(Inputs!G100="","",Inputs!G100) -> 0 | H41: 0
B42: Asset impairment | C42: =IF(Inputs!C93="","",Inputs!C93) -> 0 | D42: =IF(Inputs!D93="","",Inputs!D93) -> 0 | E42: =IF(Inputs!E93="","",Inputs!E93) | F42: =IF(Inputs!F93="","",Inputs!F93) -> 0.699 | G42: =IF(Inputs!G93="","",Inputs!G93) -> 0 | H42: 0
B43: Sales tax dispute | C43: =IF(Inputs!C103="","",Inputs!C103) -> 1.775 | D43: =IF(Inputs!D103="","",Inputs!D103) -> 0 | E43: =IF(Inputs!E103="","",Inputs!E103) -> 0 | F43: =IF(Inputs!F103="","",Inputs!F103) -> 0 | G43: =IF(Inputs!G103="","",Inputs!G103) -> 0 | H43: 0
B44: Gain on business disposal (excl.) | C44: =IF(Inputs!C96="","",Inputs!C96) -> -17.205 | D44: =IF(Inputs!D96="","",Inputs!D96) -> -19.795 | E44: =IF(Inputs!E96="","",Inputs!E96) | F44: =IF(Inputs!F96="","",Inputs!F96) | G44: =IF(Inputs!G96="","",Inputs!G96) | H44: 0
B45: Non-operating disposition gain (excl.) | C45: =IF(Inputs!C101="","",Inputs!C101) | D45: =IF(Inputs!D101="","",Inputs!D101) | E45: =IF(Inputs!E101="","",Inputs!E101) -> -0.301 | F45: =IF(Inputs!F101="","",Inputs!F101) -> -0.13 | G45: =IF(Inputs!G101="","",Inputs!G101) -> -0.048 | H45: 0
B46: Income tax adjustments | C46: =IF(Inputs!C104="","",Inputs!C104) -> 1.351 | D46: =IF(Inputs!D104="","",Inputs!D104) -> 0 | E46: =IF(Inputs!E104="","",Inputs!E104) -> 0 | F46: =IF(Inputs!F104="","",Inputs!F104) -> -0.852 | G46: =IF(Inputs!G104="","",Inputs!G104) -> 0 | H46: 0
B47: Executive search costs | C47: =IF(Inputs!C97="","",Inputs!C97) -> 1.24 | D47: =IF(Inputs!D97="","",Inputs!D97) -> 1.427 | E47: =IF(Inputs!E97="","",Inputs!E97) | F47: =IF(Inputs!F97="","",Inputs!F97) | G47: =IF(Inputs!G97="","",Inputs!G97) | H47: 0
B48: Investment gains (excl.) | C48: =IF(Inputs!C99="","",Inputs!C99) | D48: =IF(Inputs!D99="","",Inputs!D99) | E48: =IF(Inputs!E99="","",Inputs!E99) -> -5.226 | F48: =IF(Inputs!F99="","",Inputs!F99) -> 0 | G48: =IF(Inputs!G99="","",Inputs!G99) | H48: 0
B49: Adjusted net income | C49: =SUM(C26,C35:C48) -> 651.617 | D49: =SUM(D26,D35:D48) -> 154.59 | E49: =SUM(E26,E35:E48) -> 169.571 | F49: =SUM(F26,F35:F48) -> 165.271 | G49: =SUM(G26,G35:G48) -> 163.769 | H49: =SUM(H26,H35:H48) -> 151.73825
B50: Normalized diluted EPS | C50: =C49/C29 -> 16.975824 | D50: =D49/D29 -> 4.051313 | E50: =E49/E29 -> 4.5080686 | F50: =F49/F29 -> 4.4591911 | G50: =G49/G29 -> 4.5251306 | H50: =H49/H29 -> 4.2441354
B51: Adjusted NI bridge residual — CHECK | C51: =C49-SUM(C26,C35:C48) -> 0 | D51: =D49-SUM(D26,D35:D48) -> 0 | E51: =E49-SUM(E26,E35:E48) -> 0 | F51: =F49-SUM(F26,F35:F48) -> 0 | G51: =G49-SUM(G26,G35:G48) -> 0 | H51: =H49-SUM(H26,H35:H48) -> 0
B52: Normalized EPS Y/Y | H52: =H50/D50-1 -> 0.047595039
B53: Revenue Y/Y | H53: =H10/D10-1 -> 0.051263107
B54: GAAP net income Y/Y | H54: =H26/D26-1 -> -0.11637948
B55: GAAP EPS Y/Y | H55: =H31/D31-1 -> -0.056926476
B56: Adjusted operating margin (est.) | C56: =Inputs!C180/C10 -> 0.36327457 | D56: =Inputs!D180/D10 -> 0.33791366 | E56: =Inputs!E180/E10 -> 0.3622225 | F56: =Inputs!F180/F10 -> 0.3503459 | G56: =Inputs!G180/G10 -> 0.33993559 | H56: =(H18+SUM(H57:H59))/H10 -> 0.32007968
B57: Intangible amortization, pretax | H57: 18
B58: Restructuring / severance, pretax | H58: 1.8
B59: Other excluded costs, pretax | H59: 0.25
B60: Sum of segment operating profit - GAAP — CHECK | C60: =SUM('Segment - Americas'!C29,'Segment - EMEA'!C29,'Segment - Asia Pacific'!C29)-C18 -> 0 | D60: =SUM('Segment - Americas'!D29,'Segment - EMEA'!D29,'Segment - Asia Pacific'!D29)-D18 -> 0 | E60: =SUM('Segment - Americas'!E29,'Segment - EMEA'!E29,'Segment - Asia Pacific'!E29)-E18 -> 0 | F60: =SUM('Segment - Americas'!F29,'Segment - EMEA'!F29,'Segment - Asia Pacific'!F29)-F18 -> 0 | G60: =SUM('Segment - Americas'!G29,'Segment - EMEA'!G29,'Segment - Asia Pacific'!G29)-G18 -> 0 | H60: =SUM('Segment - Americas'!H29,'Segment - EMEA'!H29,'Segment - Asia Pacific'!H29)-H18 -> 0

Sheet Balance Sheet
B2: FactSet Research Systems Inc.
B3: Balance Sheet
B4: $ millions, except per share
C6: FY25A | D6: 4Q25A | E6: 1Q26A | F6: 2Q26A | G6: 3Q26A | H6: 4Q26E
C7: 45900 | D7: 45900 | E7: 45991 | F7: 46081 | G7: 46173 | H7: 46265
C8: 365 | D8: 92 | E8: 91 | F8: 90 | G8: 92 | H8: 92
B10: Cash and cash equivalents | C10: =IF(Inputs!C114="",0,Inputs!C114) -> 337.651 | D10: =IF(Inputs!D114="",0,Inputs!D114) -> 337.651 | E10: =IF(Inputs!E114="",0,Inputs!E114) -> 275.448 | F10: =IF(Inputs!F114="",0,Inputs!F114) -> 268.338 | G10: =IF(Inputs!G114="",0,Inputs!G114) -> 288.114 | H10: =G10+'Cash Flow Statement'!H43-SUM('Cash Flow Statement'!H46,'Cash Flow Statement'!H47)+SUM('Cash Flow Statement'!G46,'Cash Flow Statement'!G47) -> 344.60225
B11: Short-term investments | C11: =IF(Inputs!C157="",0,Inputs!C157) -> 17.445 | D11: =IF(Inputs!D157="",0,Inputs!D157) -> 17.445 | E11: =IF(Inputs!E157="",0,Inputs!E157) -> 17.233 | F11: =IF(Inputs!F157="",0,Inputs!F157) -> 16.929 | G11: =IF(Inputs!G157="",0,Inputs!G157) -> 16.122 | H11: =G11 -> 16.122
B12: Accounts receivable | C12: =IF(Inputs!C108="",0,Inputs!C108) -> 270.684 | D12: =IF(Inputs!D108="",0,Inputs!D108) -> 270.684 | E12: =IF(Inputs!E108="",0,Inputs!E108) -> 289 | F12: =IF(Inputs!F108="",0,Inputs!F108) -> 320.233 | G12: =IF(Inputs!G108="",0,Inputs!G108) -> 289.99 | H12: =G12-'Cash Flow Statement'!H16 -> 294.99
B13: Prepaid income taxes | C13: =IF(Inputs!C167="",0,Inputs!C167) -> 33.6 | D13: =IF(Inputs!D167="",0,Inputs!D167) -> 33.6 | E13: =IF(Inputs!E167="",0,Inputs!E167) -> 26.04 | F13: =IF(Inputs!F167="",0,Inputs!F167) -> 28.681 | G13: =IF(Inputs!G167="",0,Inputs!G167) -> 58.325 | H13: =G13 -> 58.325
B14: Other prepaid / current assets | C14: =IF(Inputs!C166="",0,Inputs!C166) -> 70.379 | D14: =IF(Inputs!D166="",0,Inputs!D166) -> 70.379 | E14: =IF(Inputs!E166="",0,Inputs!E166) -> 100.851 | F14: =IF(Inputs!F166="",0,Inputs!F166) -> 89.997 | G14: =IF(Inputs!G166="",0,Inputs!G166) -> 74.968 | H14: =G14-'Cash Flow Statement'!H17 -> 79.968
B15: Total current assets | C15: =SUM(C10:C14) -> 729.759 | D15: =SUM(D10:D14) -> 729.759 | E15: =SUM(E10:E14) -> 708.572 | F15: =SUM(F10:F14) -> 724.178 | G15: =SUM(G10:G14) -> 727.519 | H15: =SUM(H10:H14) -> 794.00725
B17: Property and equipment, net | C17: =IF(Inputs!C165="",0,Inputs!C165) -> 85.203 | D17: =IF(Inputs!D165="",0,Inputs!D165) -> 85.203 | E17: =IF(Inputs!E165="",0,Inputs!E165) -> 84.964 | F17: =IF(Inputs!F165="",0,Inputs!F165) -> 84.427 | G17: =IF(Inputs!G165="",0,Inputs!G165) -> 82.319 | H17: =G17-'Cash Flow Statement'!H26-('Cash Flow Statement'!H11-'Income Statement'!H57) -> 85.319
B18: Goodwill | C18: =IF(Inputs!C153="",0,Inputs!C153) -> 1284.708 | D18: =IF(Inputs!D153="",0,Inputs!D153) -> 1284.708 | E18: =IF(Inputs!E153="",0,Inputs!E153) -> 1279.593 | F18: =IF(Inputs!F153="",0,Inputs!F153) -> 1287.221 | G18: =IF(Inputs!G153="",0,Inputs!G153) -> 1283.377 | H18: =G18 -> 1283.377
B19: Intangible assets, net | C19: =IF(Inputs!C154="",0,Inputs!C154) -> 1916.102 | D19: =IF(Inputs!D154="",0,Inputs!D154) -> 1916.102 | E19: =IF(Inputs!E154="",0,Inputs!E154) -> 1899.838 | F19: =IF(Inputs!F154="",0,Inputs!F154) -> 1884.91 | G19: =IF(Inputs!G154="",0,Inputs!G154) -> 1868.418 | H19: =G19-'Income Statement'!H57 -> 1850.418
B20: Deferred tax assets | C20: =IF(Inputs!C149="",0,Inputs!C149) -> 61.226 | D20: =IF(Inputs!D149="",0,Inputs!D149) -> 61.226 | E20: =IF(Inputs!E149="",0,Inputs!E149) -> 59.533 | F20: =IF(Inputs!F149="",0,Inputs!F149) -> 61.495 | G20: =IF(Inputs!G149="",0,Inputs!G149) -> 41.945 | H20: =G20 -> 41.945
B21: Operating lease ROU assets | C21: =IF(Inputs!C172="",0,Inputs!C172) -> 121.776 | D21: =IF(Inputs!D172="",0,Inputs!D172) -> 121.776 | E21: =IF(Inputs!E172="",0,Inputs!E172) -> 125.603 | F21: =IF(Inputs!F172="",0,Inputs!F172) -> 120.46 | G21: =IF(Inputs!G172="",0,Inputs!G172) -> 119.364 | H21: =G21-'Cash Flow Statement'!H12 -> 111.364
B22: Other assets / forecast residual | C22: =IF(Inputs!C162="",0,Inputs!C162) -> 105.498 | D22: =IF(Inputs!D162="",0,Inputs!D162) -> 105.498 | E22: =IF(Inputs!E162="",0,Inputs!E162) -> 62.681 | F22: =IF(Inputs!F162="",0,Inputs!F162) -> 57.139 | G22: =IF(Inputs!G162="",0,Inputs!G162) -> 69.055 | H22: =G22 -> 69.055 | J22: Other assets carried forward unchanged from the May 2026 10-Q; no forecast balancing plug. PPE, intangibles, ROU and working capital roll from explicit cash-flow drivers.
B24: TOTAL ASSETS | C24: =SUM(C15,C17:C22) -> 4304.272 | D24: =SUM(D15,D17:D22) -> 4304.272 | E24: =SUM(E15,E17:E22) -> 4220.784 | F24: =SUM(F15,F17:F22) -> 4219.83 | G24: =SUM(G15,G17:G22) -> 4191.997 | H24: =SUM(H15,H17:H22) -> 4235.4852
B27: Payables / accrued expenses | C27: =IF(Inputs!C106="",0,Inputs!C106) -> 135.262 | D27: =IF(Inputs!D106="",0,Inputs!D106) -> 135.262 | E27: =IF(Inputs!E106="",0,Inputs!E106) -> 149.277 | F27: =IF(Inputs!F106="",0,Inputs!F106) -> 149.243 | G27: =IF(Inputs!G106="",0,Inputs!G106) -> 163.982 | H27: =G27+'Cash Flow Statement'!H18 -> 168.982
B28: Current portion of debt | C28: =IF(Inputs!C143="",0,Inputs!C143) -> 0 | D28: =IF(Inputs!D143="",0,Inputs!D143) -> 0 | E28: =IF(Inputs!E143="",0,Inputs!E143) -> 0 | F28: =IF(Inputs!F143="",0,Inputs!F143) -> 0 | G28: =IF(Inputs!G143="",0,Inputs!G143) -> 499.159 | H28: =G28 -> 499.159
B29: Current lease liabilities | C29: =IF(Inputs!C144="",0,Inputs!C144) -> 33.145 | D29: =IF(Inputs!D144="",0,Inputs!D144) -> 33.145 | E29: =IF(Inputs!E144="",0,Inputs!E144) -> 32.609 | F29: =IF(Inputs!F144="",0,Inputs!F144) -> 33.575 | G29: =IF(Inputs!G144="",0,Inputs!G144) -> 33.963 | H29: =G29+'Cash Flow Statement'!H22 -> 28.963
B30: Accrued compensation | C30: =IF(Inputs!C90="",0,Inputs!C90) -> 130.596 | D30: =IF(Inputs!D90="",0,Inputs!D90) -> 130.596 | E30: =IF(Inputs!E90="",0,Inputs!E90) -> 59.627 | F30: =IF(Inputs!F90="",0,Inputs!F90) -> 88.479 | G30: =IF(Inputs!G90="",0,Inputs!G90) -> 137.431 | H30: =G30+'Cash Flow Statement'!H19 -> 137.431
B31: Deferred / unearned revenue | C31: =IF(Inputs!C146="",0,Inputs!C146) -> 167.852 | D31: =IF(Inputs!D146="",0,Inputs!D146) -> 167.852 | E31: =IF(Inputs!E146="",0,Inputs!E146) -> 162.586 | F31: =IF(Inputs!F146="",0,Inputs!F146) -> 188.722 | G31: =IF(Inputs!G146="",0,Inputs!G146) -> 183.494 | H31: =G31+'Cash Flow Statement'!H20 -> 183.494
B32: Current taxes payable | C32: =IF(Inputs!C145="",0,Inputs!C145) -> 13.041 | D32: =IF(Inputs!D145="",0,Inputs!D145) -> 13.041 | E32: =IF(Inputs!E145="",0,Inputs!E145) -> 13.704 | F32: =IF(Inputs!F145="",0,Inputs!F145) -> 5.607 | G32: =IF(Inputs!G145="",0,Inputs!G145) -> 5.182 | H32: =G32+'Cash Flow Statement'!H21 -> 5.182
B33: Dividends payable | C33: =IF(Inputs!C148="",0,Inputs!C148) -> 41.41 | D33: =IF(Inputs!D148="",0,Inputs!D148) -> 41.41 | E33: =IF(Inputs!E148="",0,Inputs!E148) -> 40.969 | F33: =IF(Inputs!F148="",0,Inputs!F148) -> 40.305 | G33: =IF(Inputs!G148="",0,Inputs!G148) -> 41.5 | H33: =G33 -> 41.5
B34: Total current liabilities | C34: =SUM(C27:C33) -> 521.306 | D34: =SUM(D27:D33) -> 521.306 | E34: =SUM(E27:E33) -> 458.772 | F34: =SUM(F27:F33) -> 505.931 | G34: =SUM(G27:G33) -> 1064.711 | H34: =SUM(H27:H33) -> 1064.711
B35: Long-term debt | C35: =IF(Inputs!C158="",0,Inputs!C158) -> 1368.26 | D35: =IF(Inputs!D158="",0,Inputs!D158) -> 1368.26 | E35: =IF(Inputs!E158="",0,Inputs!E158) -> 1368.738 | F35: =IF(Inputs!F158="",0,Inputs!F158) -> 1369.216 | G35: =IF(Inputs!G158="",0,Inputs!G158) -> 890.542 | H35: =G35 -> 890.542
B36: Deferred tax liabilities | C36: =IF(Inputs!C150="",0,Inputs!C150) -> 14.902 | D36: =IF(Inputs!D150="",0,Inputs!D150) -> 14.902 | E36: =IF(Inputs!E150="",0,Inputs!E150) -> 15.125 | F36: =IF(Inputs!F150="",0,Inputs!F150) -> 14.728 | G36: =IF(Inputs!G150="",0,Inputs!G150) -> 13.04 | H36: =G36 -> 13.04
B37: Non-current tax payable | C37: =IF(Inputs!C160="",0,Inputs!C160) -> 45.095 | D37: =IF(Inputs!D160="",0,Inputs!D160) -> 45.095 | E37: =IF(Inputs!E160="",0,Inputs!E160) -> 44.513 | F37: =IF(Inputs!F160="",0,Inputs!F160) -> 41.387 | G37: =IF(Inputs!G160="",0,Inputs!G160) -> 41.315 | H37: =G37 -> 41.315
B38: Long-term lease liabilities | C38: =IF(Inputs!C159="",0,Inputs!C159) -> 157.104 | D38: =IF(Inputs!D159="",0,Inputs!D159) -> 157.104 | E38: =IF(Inputs!E159="",0,Inputs!E159) -> 158.687 | F38: =IF(Inputs!F159="",0,Inputs!F159) -> 150.866 | G38: =IF(Inputs!G159="",0,Inputs!G159) -> 146.978 | H38: =G38 -> 146.978
B39: Other liabilities | C39: =IF(Inputs!C164="",0,Inputs!C164) -> 11.192 | D39: =IF(Inputs!D164="",0,Inputs!D164) -> 11.192 | E39: =IF(Inputs!E164="",0,Inputs!E164) -> 7.065 | F39: =IF(Inputs!F164="",0,Inputs!F164) -> 8.59 | G39: =IF(Inputs!G164="",0,Inputs!G164) -> 3.121 | H39: =G39 -> 3.121
B40: TOTAL LIABILITIES | C40: =SUM(C34:C39) -> 2117.859 | D40: =SUM(D34:D39) -> 2117.859 | E40: =SUM(E34:E39) -> 2052.9 | F40: =SUM(F34:F39) -> 2090.718 | G40: =SUM(G34:G39) -> 2159.707 | H40: =SUM(H34:H39) -> 2159.707
B42: Stockholders' equity | C42: =IF(Inputs!C152="",0,Inputs!C152) -> 2186.413 | D42: =IF(Inputs!D152="",0,Inputs!D152) -> 2186.413 | E42: =IF(Inputs!E152="",0,Inputs!E152) -> 2167.884 | F42: =IF(Inputs!F152="",0,Inputs!F152) -> 2129.112 | G42: =IF(Inputs!G152="",0,Inputs!G152) -> 2032.29 | H42: =G42+'Income Statement'!H26+'Cash Flow Statement'!H13+'Cash Flow Statement'!H35+'Cash Flow Statement'!H36+'Cash Flow Statement'!H37 -> 2075.7783
B43: Assets - liabilities - equity — CHECK | C43: =C24-C40-C42 -> 0 | D43: =D24-D40-D42 -> 0 | E43: =E24-E40-E42 -> 0 | F43: =F24-F40-F42 -> 0 | G43: =G24-G40-G42 -> 0 | H43: =H24-H40-H42 -> 0
B45: Cash flow versus BS cash — CHECK | H45: =H10-'Cash Flow Statement'!H49 -> 0
B46: Year-end ending balance basis

Sheet Cash Flow Statement
B2: FactSet Research Systems Inc.
B3: Cash Flow Statement
B4: $ millions, except per share
C6: FY25A | D6: 4Q25A | E6: 1Q26A | F6: 2Q26A | G6: 3Q26A | H6: 4Q26E
C7: 45900 | D7: 45900 | E7: 45991 | F7: 46081 | G7: 46173 | H7: 46265
C8: 365 | D8: 92 | E8: 91 | F8: 90 | G8: 92 | H8: 92
B10: Net income | C10: ='Income Statement'!C26 -> 597.04 | D10: ='Income Statement'!D26 -> 153.616 | E10: ='Income Statement'!E26 -> 152.58 | F10: ='Income Statement'!F26 -> 133.056 | G10: ='Income Statement'!G26 -> 126.718 | H10: ='Income Statement'!H26 -> 135.73825
B11: Depreciation and amortization | C11: =IF(Inputs!C126="",0,Inputs!C126) -> 157.691 | D11: =IF(Inputs!D126="",0,Inputs!D126) -> 42.719 | E11: =IF(Inputs!E126="",0,Inputs!E126) -> 44.148 | F11: =IF(Inputs!F126="",0,Inputs!F126) -> 43.69 | G11: =IF(Inputs!G126="",0,Inputs!G126) -> 45.87 | H11: 45
B12: ROU asset amortization | C12: =IF(Inputs!C137="",0,Inputs!C137) -> 30.982 | D12: =IF(Inputs!D137="",0,Inputs!D137) -> 7.83 | E12: =IF(Inputs!E137="",0,Inputs!E137) -> 7.997 | F12: =IF(Inputs!F137="",0,Inputs!F137) -> 8.188 | G12: =IF(Inputs!G137="",0,Inputs!G137) -> 8.084 | H12: 8
B13: Stock compensation | C13: =IF(Inputs!C139="",0,Inputs!C139) -> 61.229 | D13: =IF(Inputs!D139="",0,Inputs!D139) -> 14.075 | E13: =IF(Inputs!E139="",0,Inputs!E139) -> 18.457 | F13: =IF(Inputs!F139="",0,Inputs!F139) -> 20.867 | G13: =IF(Inputs!G139="",0,Inputs!G139) -> 22.217 | H13: 20
B14: Deferred income taxes | C14: =IF(Inputs!C130="",0,Inputs!C130) -> -3.545 | D14: =IF(Inputs!D130="",0,Inputs!D130) -> -6.699 | E14: =IF(Inputs!E130="",0,Inputs!E130) -> 3.039 | F14: =IF(Inputs!F130="",0,Inputs!F130) -> -0.658 | G14: =IF(Inputs!G130="",0,Inputs!G130) -> 18.427 | H14: 0
B15: Other noncash items | C15: =IF(Inputs!C133="",0,Inputs!C133) -> -11.371 | D15: =IF(Inputs!D133="",0,Inputs!D133) -> -18.799 | E15: =IF(Inputs!E133="",0,Inputs!E133) -> -5.894 | F15: =IF(Inputs!F133="",0,Inputs!F133) -> 14.283 | G15: =IF(Inputs!G133="",0,Inputs!G133) -> 6.047 | H15: 0
B16: Change in accounts receivable | C16: =IF(Inputs!C120="",0,Inputs!C120) -> -42.54 | D16: =IF(Inputs!D120="",0,Inputs!D120) -> -1.048 | E16: =IF(Inputs!E120="",0,Inputs!E120) -> -19.232 | F16: =IF(Inputs!F120="",0,Inputs!F120) -> -31.783 | G16: =IF(Inputs!G120="",0,Inputs!G120) -> 26.639 | H16: -5
B17: Change in prepaid / other assets | C17: =IF(Inputs!C124="",0,Inputs!C124) -> 0.065 | D17: =IF(Inputs!D124="",0,Inputs!D124) -> -6.634 | E17: =IF(Inputs!E124="",0,Inputs!E124) -> -23.113 | F17: =IF(Inputs!F124="",0,Inputs!F124) -> 4.116 | G17: =IF(Inputs!G124="",0,Inputs!G124) -> 15.238 | H17: -5
B18: Change in payables and accrued items | C18: =IF(Inputs!C119="",0,Inputs!C119) -> -59.4 | D18: =IF(Inputs!D119="",0,Inputs!D119) -> -9.683 | E18: =IF(Inputs!E119="",0,Inputs!E119) -> 22.225 | F18: =IF(Inputs!F119="",0,Inputs!F119) -> -10.277 | G18: =IF(Inputs!G119="",0,Inputs!G119) -> 10.845 | H18: 5
B19: Change in accrued compensation | C19: =IF(Inputs!C121="",0,Inputs!C121) -> 35.666 | D19: =IF(Inputs!D121="",0,Inputs!D121) -> 31.877 | E19: =IF(Inputs!E121="",0,Inputs!E121) -> -70.313 | F19: =IF(Inputs!F121="",0,Inputs!F121) -> 28.072 | G19: =IF(Inputs!G121="",0,Inputs!G121) -> 49.782 | H19: 0
B20: Change in deferred revenues | C20: =IF(Inputs!C122="",0,Inputs!C122) -> 2.249 | D20: =IF(Inputs!D122="",0,Inputs!D122) -> -2.706 | E20: =IF(Inputs!E122="",0,Inputs!E122) -> -5.793 | F20: =IF(Inputs!F122="",0,Inputs!F122) -> 26.015 | G20: =IF(Inputs!G122="",0,Inputs!G122) -> -5.192 | H20: 0
B21: Changes in tax payables | C21: =IF(Inputs!C125="",0,Inputs!C125) -> -1.161 | D21: =IF(Inputs!D125="",0,Inputs!D125) -> 17.947 | E21: =IF(Inputs!E125="",0,Inputs!E125) -> 7.712 | F21: =IF(Inputs!F125="",0,Inputs!F125) -> -13.813 | G21: =IF(Inputs!G125="",0,Inputs!G125) -> -30.219 | H21: 0
B22: Change in lease liabilities | C22: =IF(Inputs!C123="",0,Inputs!C123) -> -40.645 | D22: =IF(Inputs!D123="",0,Inputs!D123) -> -10.395 | E22: =IF(Inputs!E123="",0,Inputs!E123) -> -10.529 | F22: =IF(Inputs!F123="",0,Inputs!F123) -> -10.068 | G22: =IF(Inputs!G123="",0,Inputs!G123) -> -9.936 | H22: -5
B23: NET CASH FROM OPERATIONS | C23: =SUM(C10:C22) -> 726.26 | D23: =SUM(D10:D22) -> 212.1 | E23: =SUM(E10:E22) -> 121.284 | F23: =SUM(F10:F22) -> 211.688 | G23: =SUM(G10:G22) -> 284.52 | H23: =SUM(H10:H22) -> 198.73825
B26: Capital expenditure / software | C26: =IF(Inputs!C118="",0,Inputs!C118) -> -108.806 | D26: =IF(Inputs!D118="",0,Inputs!D118) -> -33.966 | E26: =IF(Inputs!E118="",0,Inputs!E118) -> -30.847 | F26: =IF(Inputs!F118="",0,Inputs!F118) -> -25.997 | G26: =IF(Inputs!G118="",0,Inputs!G118) -> -30.475 | H26: -30
B27: Acquisition of businesses | C27: =IF(Inputs!C115="",0,Inputs!C115) -> -348.255 | D27: =IF(Inputs!D115="",0,Inputs!D115) -> 0 | E27: =IF(Inputs!E115="",0,Inputs!E115) -> 0 | F27: =IF(Inputs!F115="",0,Inputs!F115) -> 0 | G27: =IF(Inputs!G115="",0,Inputs!G115) -> 0 | H27: 0
B28: Purchases of investments | C28: =IF(Inputs!C116="",0,Inputs!C116) -> -18.867 | D28: =IF(Inputs!D116="",0,Inputs!D116) -> -14.434 | E28: =IF(Inputs!E116="",0,Inputs!E116) -> -0.875 | F28: =IF(Inputs!F116="",0,Inputs!F116) -> -0.229 | G28: =IF(Inputs!G116="",0,Inputs!G116) -> -16.982 | H28: 0
B29: Maturities / sale of investments | C29: =IF(Inputs!C138="",0,Inputs!C138) -> 83.155 | D29: =IF(Inputs!D138="",0,Inputs!D138) -> 25 | E29: =IF(Inputs!E138="",0,Inputs!E138) -> 36.05 | F29: =IF(Inputs!F138="",0,Inputs!F138) -> 0 | G29: =IF(Inputs!G138="",0,Inputs!G138) -> 0 | H29: 0
B30: NET CASH FROM INVESTING | C30: =SUM(C26:C29) -> -392.773 | D30: =SUM(D26:D29) -> -23.4 | E30: =SUM(E26:E29) -> 4.328 | F30: =SUM(F26:F29) -> -26.226 | G30: =SUM(G26:G29) -> -47.457 | H30: =SUM(H26:H29) -> -30
B33: Debt proceeds | C33: =IF(Inputs!C127="",0,Inputs!C127) -> 803.41 | D33: =IF(Inputs!D127="",0,Inputs!D127) -> 0 | E33: =IF(Inputs!E127="",0,Inputs!E127) -> 0 | F33: =IF(Inputs!F127="",0,Inputs!F127) -> 0 | G33: =IF(Inputs!G127="",0,Inputs!G127) -> 95 | H33: 0
B34: Debt repayments | C34: =IF(Inputs!C128="",0,Inputs!C128) -> -805 | D34: =IF(Inputs!D128="",0,Inputs!D128) -> -62.5 | E34: =IF(Inputs!E128="",0,Inputs!E128) -> 0 | F34: =IF(Inputs!F128="",0,Inputs!F128) -> 0 | G34: =IF(Inputs!G128="",0,Inputs!G128) -> -75 | H34: 0
B35: Dividends paid | C35: =IF(Inputs!C131="",0,Inputs!C131) -> -159.973 | D35: =IF(Inputs!D131="",0,Inputs!D131) -> -41.644 | E35: =IF(Inputs!E131="",0,Inputs!E131) -> -41.411 | F35: =IF(Inputs!F131="",0,Inputs!F131) -> -40.968 | G35: =IF(Inputs!G131="",0,Inputs!G131) -> -40.305 | H35: -41.5
B36: Employee equity proceeds | C36: =IF(Inputs!C140="",0,Inputs!C140) -> 81.688 | D36: =IF(Inputs!D140="",0,Inputs!D140) -> 9.072 | E36: =IF(Inputs!E140="",0,Inputs!E140) -> 8.545 | F36: =IF(Inputs!F140="",0,Inputs!F140) -> 8.118 | G36: =IF(Inputs!G140="",0,Inputs!G140) -> 10.871 | H36: 8
B37: Repurchase of common stock | C37: =IF(Inputs!C117="",0,Inputs!C117) -> -300.457 | D37: =IF(Inputs!D117="",0,Inputs!D117) -> -106.619 | E37: =IF(Inputs!E117="",0,Inputs!E117) -> -139.899 | F37: =IF(Inputs!F117="",0,Inputs!F117) -> -163.031 | G37: =IF(Inputs!G117="",0,Inputs!G117) -> -203.07 | H37: =-'Share Count'!H22 -> -78.75
B38: Deferred acquisition consideration | C38: =IF(Inputs!C129="",0,Inputs!C129) -> 0 | D38: =IF(Inputs!D129="",0,Inputs!D129) -> 0 | E38: =IF(Inputs!E129="",0,Inputs!E129) -> -12.052 | F38: =IF(Inputs!F129="",0,Inputs!F129) -> 0 | G38: =IF(Inputs!G129="",0,Inputs!G129) -> -4.124 | H38: 0
B39: Other financing activities | C39: =IF(Inputs!C134="",0,Inputs!C134) -> -27.489 | D39: =IF(Inputs!D134="",0,Inputs!D134) -> -6.803 | E39: =IF(Inputs!E134="",0,Inputs!E134) -> -5.695 | F39: =IF(Inputs!F134="",0,Inputs!F134) -> -0.263 | G39: =IF(Inputs!G134="",0,Inputs!G134) -> -0.46 | H39: 0
B40: NET CASH FROM FINANCING | C40: =SUM(C33:C39) -> -407.821 | D40: =SUM(D33:D39) -> -208.494 | E40: =SUM(E33:E39) -> -190.512 | F40: =SUM(F33:F39) -> -196.144 | G40: =SUM(G33:G39) -> -217.088 | H40: =SUM(H33:H39) -> -112.25
B42: FX effect on cash | C42: =IF(Inputs!C132="",0,Inputs!C132) -> 3.05 | D42: =IF(Inputs!D132="",0,Inputs!D132) -> 1.084 | E42: =IF(Inputs!E132="",0,Inputs!E132) -> -2.273 | F42: =IF(Inputs!F132="",0,Inputs!F132) -> 3.572 | G42: =IF(Inputs!G132="",0,Inputs!G132) -> -2.977 | H42: 0
B43: Net change in cash + restricted cash | C43: =SUM(C23,C30,C40,C42) -> -71.284 | D43: =SUM(D23,D30,D40,D42) -> -18.71 | E43: =SUM(E23,E30,E40,E42) -> -67.173 | F43: =SUM(F23,F30,F40,F42) -> -7.11 | G43: =SUM(G23,G30,G40,G42) -> 16.998 | H43: =SUM(H23,H30,H40,H42) -> 56.48825
B44: Cash and restricted cash, opening | C44: 422.979 | D44: 370.405 | E44: =D45 -> 351.695 | F44: =E45 -> 284.522 | G44: =F45 -> 277.412 | H44: =G45 -> 294.41 | J44: FY25 opening $423.0m per 2025 Q4 release; FY25 Q4 opening $370.4m from FY26 Q3 10-Q FY25 nine-month comparative.
B45: Cash and restricted cash, closing | C45: =SUM(C44,C43) -> 351.695 | D45: =SUM(D44,D43) -> 351.695 | E45: =SUM(E44,E43) -> 284.522 | F45: =SUM(F44,F43) -> 277.412 | G45: =SUM(G44,G43) -> 294.41 | H45: =SUM(H44,H43) -> 350.89825
B46: Restricted cash — current assets | C46: 6.522 | D46: =C46 -> 6.522 | E46: 5.139 | F46: 3.202 | G46: 5.296 | H46: =G46 -> 5.296
B47: Restricted cash — other assets | C47: 7.522 | D47: =C47 -> 7.522 | E47: 3.935 | F47: 5.872 | G47: 1 | H47: =G47 -> 1
B48: Reconciliation: cash incl. restricted | C48: ='Balance Sheet'!C10+C46+C47 -> 351.695 | D48: ='Balance Sheet'!D10+D46+D47 -> 351.695 | E48: ='Balance Sheet'!E10+E46+E47 -> 284.522 | F48: ='Balance Sheet'!F10+F46+F47 -> 277.412 | G48: ='Balance Sheet'!G10+G46+G47 -> 294.41 | H48: ='Balance Sheet'!H10+H46+H47 -> 350.89825
B49: Cash and cash equivalents, closing | C49: =C45-C46-C47 -> 337.651 | D49: =D45-D46-D47 -> 337.651 | E49: =E45-E46-E47 -> 275.448 | F49: =F45-F46-F47 -> 268.338 | G49: =G45-G46-G47 -> 288.114 | H49: =H45-H46-H47 -> 344.60225
B50: Cash flow / BS cash — CHECK | C50: =C49-'Balance Sheet'!C10 -> 0 | D50: =D49-'Balance Sheet'!D10 -> 0 | E50: =E49-'Balance Sheet'!E10 -> 0 | F50: =F49-'Balance Sheet'!F10 -> 0 | G50: =G49-'Balance Sheet'!G10 -> 0 | H50: =H49-'Balance Sheet'!H10 -> 0
B52: Quarterly FCF (CFO + Capex) | C52: =SUM(C23,C26) -> 617.454 | D52: =SUM(D23,D26) -> 178.134 | E52: =SUM(E23,E26) -> 90.437 | F52: =SUM(F23,F26) -> 185.691 | G52: =SUM(G23,G26) -> 254.045 | H52: =SUM(H23,H26) -> 168.73825

Sheet Geo
B2: FactSet Research Systems Inc.
B3: Geo
B4: $ millions, except per share
C6: FY25A | D6: 4Q25A | E6: 1Q26A | F6: 2Q26A | G6: 3Q26A | H6: 4Q26E
C7: 45900 | D7: 45900 | E7: 45991 | F7: 46081 | G7: 46173 | H7: 46265
C8: 365 | D8: 92 | E8: 91 | F8: 90 | G8: 92 | H8: 92
B10: Americas — reported revenue | C10: ='Segment - Americas'!C21 -> 1506.108 | D10: ='Segment - Americas'!D21 -> 388.704 | E10: ='Segment - Americas'!E21 -> 396.176 | F10: ='Segment - Americas'!F21 -> 399.683 | G10: ='Segment - Americas'!G21 -> 407.24 | H10: ='Segment - Americas'!H21 -> 415 | J10: The issuer reports geography as its three operating segments by location of origination, not an independent country-of-client split.
B11: Share of reported revenue | C11: =C10/'Revenue summary'!C10 -> 0.64869572 | D11: =D10/'Revenue summary'!D10 -> 0.65120347 | E11: =E10/'Revenue summary'!E10 -> 0.6520117 | F11: =F10/'Revenue summary'!F10 -> 0.65412532 | G11: =G10/'Revenue summary'!G10 -> 0.65376181 | H11: =H10/'Revenue summary'!H10 -> 0.66135458
B12: Annual subscription value | C12: =IF('Segment - Americas'!C14="","",'Segment - Americas'!C14) -> 1570.1 | D12: =IF('Segment - Americas'!D14="","",'Segment - Americas'!D14) -> 1570.1 | E12: =IF('Segment - Americas'!E14="","",'Segment - Americas'!E14) -> 1575.8 | F12: =IF('Segment - Americas'!F14="","",'Segment - Americas'!F14) -> 1605.9 | G12: =IF('Segment - Americas'!G14="","",'Segment - Americas'!G14) -> 1621 | H12: =IF('Segment - Americas'!H14="","",'Segment - Americas'!H14) -> 1647
B13: Revenue per ASV dollar | C13: =IFERROR(C10/C12,"") -> 0.95924336 | D13: =IFERROR(D10/D12,"") -> 0.2475664 | E13: =IFERROR(E10/E12,"") -> 0.25141262 | F13: =IFERROR(F10/F12,"") -> 0.24888411 | G13: =IFERROR(G10/G12,"") -> 0.25122764 | H13: =IFERROR(H10/H12,"") -> 0.25197328
B14: Segment operating profit | C14: ='Segment - Americas'!C29 -> 305.963 | D14: ='Segment - Americas'!D29 -> 69.473 | E14: ='Segment - Americas'!E29 -> 78.533 | F14: ='Segment - Americas'!F29 -> 74.201 | G14: ='Segment - Americas'!G29 -> 63.587 | H14: ='Segment - Americas'!H29 -> 74.534
B15: Segment operating margin | C15: =C14/C10 -> 0.20314811 | D15: =D14/D10 -> 0.17872983 | E15: =E14/E10 -> 0.19822756 | F15: =F14/F10 -> 0.18564963 | G15: =G14/G10 -> 0.15614134 | H15: =H14/H10 -> 0.1796
B17: EMEA — reported revenue | C17: ='Segment - EMEA'!C21 -> 580.284 | D17: ='Segment - EMEA'!D21 -> 147.431 | E17: ='Segment - EMEA'!E21 -> 149.517 | F17: ='Segment - EMEA'!F21 -> 149.12 | G17: ='Segment - EMEA'!G21 -> 151.94 | H17: ='Segment - EMEA'!H21 -> 149
B18: Share of reported revenue | C18: =C17/'Revenue summary'!C10 -> 0.2499341 | D18: =D17/'Revenue summary'!D10 -> 0.24699406 | E18: =E17/'Revenue summary'!E10 -> 0.24606951 | F18: =F17/'Revenue summary'!F10 -> 0.24405133 | G18: =G17/'Revenue summary'!G10 -> 0.24391653 | H18: =H17/'Revenue summary'!H10 -> 0.2374502
B19: Annual subscription value | C19: =IF('Segment - EMEA'!C14="","",'Segment - EMEA'!C14) -> 591.6 | D19: =IF('Segment - EMEA'!D14="","",'Segment - EMEA'!D14) -> 591.6 | E19: =IF('Segment - EMEA'!E14="","",'Segment - EMEA'!E14) -> 591 | F19: =IF('Segment - EMEA'!F14="","",'Segment - EMEA'!F14) -> 595.2 | G19: =IF('Segment - EMEA'!G14="","",'Segment - EMEA'!G14) -> 608.1 | H19: =IF('Segment - EMEA'!H14="","",'Segment - EMEA'!H14) -> 614.1
B20: Revenue per ASV dollar | C20: =IFERROR(C17/C19,"") -> 0.98087221 | D20: =IFERROR(D17/D19,"") -> 0.24920723 | E20: =IFERROR(E17/E19,"") -> 0.25298985 | F20: =IFERROR(F17/F19,"") -> 0.25053763 | G20: =IFERROR(G17/G19,"") -> 0.24986022 | H20: =IFERROR(H17/H19,"") -> 0.24263149
B21: Segment operating profit | C21: ='Segment - EMEA'!C29 -> 274.002 | D21: ='Segment - EMEA'!D29 -> 65.369 | E21: ='Segment - EMEA'!E29 -> 68.154 | F21: ='Segment - EMEA'!F29 -> 66.242 | G21: ='Segment - EMEA'!G29 -> 58.182 | H21: ='Segment - EMEA'!H29 -> 64.1147
B22: Segment operating margin | C22: =C21/C17 -> 0.47218603 | D22: =D21/D17 -> 0.44338708 | E22: =E21/E17 -> 0.45582777 | F22: =F21/F17 -> 0.44421942 | G22: =G21/G17 -> 0.38292747 | H22: =H21/H17 -> 0.4303
B24: Asia Pacific — reported revenue | C24: ='Segment - Asia Pacific'!C21 -> 235.356 | D24: ='Segment - Asia Pacific'!D21 -> 60.766 | E24: ='Segment - Asia Pacific'!E21 -> 61.928 | F24: ='Segment - Asia Pacific'!F21 -> 62.216 | G24: ='Segment - Asia Pacific'!G21 -> 63.738 | H24: ='Segment - Asia Pacific'!H21 -> 63.5
B25: Share of reported revenue | C25: =C24/'Revenue summary'!C10 -> 0.10137017 | D25: =D24/'Revenue summary'!D10 -> 0.10180248 | E25: =E24/'Revenue summary'!E10 -> 0.10191879 | F25: =F24/'Revenue summary'!F10 -> 0.10182335 | G25: =G24/'Revenue summary'!G10 -> 0.10232165 | H25: =H24/'Revenue summary'!H10 -> 0.10119522
B26: Annual subscription value | C26: =IF('Segment - Asia Pacific'!C14="","",'Segment - Asia Pacific'!C14) -> 243.9 | D26: =IF('Segment - Asia Pacific'!D14="","",'Segment - Asia Pacific'!D14) -> 243.9 | E26: =IF('Segment - Asia Pacific'!E14="","",'Segment - Asia Pacific'!E14) -> 244.3 | F26: =IF('Segment - Asia Pacific'!F14="","",'Segment - Asia Pacific'!F14) -> 249.1 | G26: =IF('Segment - Asia Pacific'!G14="","",'Segment - Asia Pacific'!G14) -> 255.2 | H26: =IF('Segment - Asia Pacific'!H14="","",'Segment - Asia Pacific'!H14) -> 260
B27: Revenue per ASV dollar | C27: =IFERROR(C24/C26,"") -> 0.96496925 | D27: =IFERROR(D24/D26,"") -> 0.24914309 | E27: =IFERROR(E24/E26,"") -> 0.25349161 | F27: =IFERROR(F24/F26,"") -> 0.24976315 | G27: =IFERROR(G24/G26,"") -> 0.24975705 | H27: =IFERROR(H24/H26,"") -> 0.24423077
B28: Segment operating profit | C28: ='Segment - Asia Pacific'!C29 -> 168.338 | D28: ='Segment - Asia Pacific'!D29 -> 42.479 | E28: ='Segment - Asia Pacific'!E29 -> 45.384 | F28: ='Segment - Asia Pacific'!F29 -> 44.518 | G28: ='Segment - Asia Pacific'!G29 -> 44.532 | H28: ='Segment - Asia Pacific'!H29 -> 42.1513
B29: Segment operating margin | C29: =C28/C24 -> 0.71524839 | D29: =D28/D24 -> 0.69905868 | E29: =E28/E24 -> 0.73285105 | F29: =F28/F24 -> 0.71553941 | G29: =G28/G24 -> 0.69867269 | H29: =H28/H24 -> 0.6638
B31: Geo revenue less consolidated — CHECK | C31: =SUM(C10,C17,C24)-'Revenue summary'!C10 -> 0 | D31: =SUM(D10,D17,D24)-'Revenue summary'!D10 -> 0 | E31: =SUM(E10,E17,E24)-'Revenue summary'!E10 -> 0 | F31: =SUM(F10,F17,F24)-'Revenue summary'!F10 -> 0 | G31: =SUM(G10,G17,G24)-'Revenue summary'!G10 -> 0 | H31: =SUM(H10,H17,H24)-'Revenue summary'!H10 -> 0
B34: Geographic growth contribution analysis
B36: Americas absolute revenue change ($m) | H36: =H10-D10 -> 26.296
B37: EMEA absolute revenue change ($m) | H37: =H17-D17 -> 1.569
B38: Asia Pacific absolute revenue change ($m) | H38: =H24-D24 -> 2.734
B39: Consolidated absolute revenue change | H39: =SUM(H36:H38) -> 30.599
B40: Americas share of total change | H40: =H36/H39 -> 0.85937449
B41: EMEA share of total change | H41: =H37/H39 -> 0.051276185
B42: Asia Pacific share of total change | H42: =H38/H39 -> 0.089349325
B44: Regional margin spread vs group (bps)
B45: Americas spread | C45: =(C15-'Income Statement'!C19)*Inputs!$H$85 -> -1191.5344 | D45: =(D15-'Income Statement'!D19)*Inputs!$H$85 -> -1183.3953 | E45: =(E15-'Income Statement'!E19)*Inputs!$H$85 -> -1178.7574 | F45: =(F15-'Income Statement'!F19)*Inputs!$H$85 -> -1170.5945 | G45: =(G15-'Income Statement'!G19)*Inputs!$H$85 -> -1108.2959 | H45: =(H15-'Income Statement'!H19)*Inputs!$H$85 -> -1085.2749
B46: EMEA spread | C46: =(C22-'Income Statement'!C19)*Inputs!$H$85 -> 1498.8447 | D46: =(D22-'Income Statement'!D19)*Inputs!$H$85 -> 1463.1771 | E46: =(E22-'Income Statement'!E19)*Inputs!$H$85 -> 1397.2447 | F46: =(F22-'Income Statement'!F19)*Inputs!$H$85 -> 1415.1034 | G46: =(G22-'Income Statement'!G19)*Inputs!$H$85 -> 1159.5654 | H46: =(H22-'Income Statement'!H19)*Inputs!$H$85 -> 1421.7251
B47: Asia Pacific spread | C47: =(C29-'Income Statement'!C19)*Inputs!$H$85 -> 3929.4683 | D47: =(D29-'Income Statement'!D19)*Inputs!$H$85 -> 4019.8932 | E47: =(E29-'Income Statement'!E19)*Inputs!$H$85 -> 4167.4776 | F47: =(F29-'Income Statement'!F19)*Inputs!$H$85 -> 4128.3033 | G47: =(G29-'Income Statement'!G19)*Inputs!$H$85 -> 4317.0176 | H47: =(H29-'Income Statement'!H19)*Inputs!$H$85 -> 3756.7251
B49: Annual ASV shares by region
B50: Americas % of group ASV | C50: =IFERROR(C12/'Revenue summary'!C41,"") -> 0.6526854 | D50: =IFERROR(D12/'Revenue summary'!D41,"") -> 0.6526854 | E50: =IFERROR(E12/'Revenue summary'!E41,"") -> 0.65356062 | F50: =IFERROR(F12/'Revenue summary'!F41,"") -> 0.65541588 | G50: =IFERROR(G12/'Revenue summary'!G41,"") -> 0.65249769 | H50: =IFERROR(H12/'Revenue summary'!H41,"") -> 0.65328626
B51: EMEA % of group ASV | C51: =IFERROR(C19/'Revenue summary'!C41,"") -> 0.24592617 | D51: =IFERROR(D19/'Revenue summary'!D41,"") -> 0.24592617 | E51: =IFERROR(E19/'Revenue summary'!E41,"") -> 0.24511634 | F51: =IFERROR(F19/'Revenue summary'!F41,"") -> 0.24291895 | G51: =IFERROR(G19/'Revenue summary'!G41,"") -> 0.2447772 | H51: =IFERROR(H19/'Revenue summary'!H41,"") -> 0.24358415
B52: Asia Pacific % of group ASV | C52: =IFERROR(C26/'Revenue summary'!C41,"") -> 0.10138843 | D52: =IFERROR(D26/'Revenue summary'!D41,"") -> 0.10138843 | E52: =IFERROR(E26/'Revenue summary'!E41,"") -> 0.10132305 | F52: =IFERROR(F26/'Revenue summary'!F41,"") -> 0.10166517 | G52: =IFERROR(G26/'Revenue summary'!G41,"") -> 0.10272511 | H52: =IFERROR(H26/'Revenue summary'!H41,"") -> 0.10312959
B53: ASV geographic mix total — CHECK | C53: =IFERROR(SUM(C50:C52)-1,"") -> 0 | D53: =IFERROR(SUM(D50:D52)-1,"") -> 0 | E53: =IFERROR(SUM(E50:E52)-1,"") -> 0 | F53: =IFERROR(SUM(F50:F52)-1,"") -> 0 | G53: =IFERROR(SUM(G50:G52)-1,"") -> 0 | H53: =IFERROR(SUM(H50:H52)-1,"") -> 0

Sheet Share Count
B2: FactSet Research Systems Inc.
B3: Share Count
B4: $ millions, except per share
C6: FY25A | D6: 4Q25A | E6: 1Q26A | F6: 2Q26A | G6: 3Q26A | H6: 4Q26E
C7: 45900 | D7: 45900 | E7: 45991 | F7: 46081 | G7: 46173 | H7: 46265
C8: 365 | D8: 92 | E8: 91 | F8: 90 | G8: 92 | H8: 92
B10: Opening shares outstanding (millions) | E10: =D13 -> 37.64587 | F10: =E13 -> 37.243824 | G10: =F13 -> 36.640727 | H10: =G13 -> 35.777453
B11: Employee plan issuance (millions) | E11: =E13-E10-E12 -> 0.076054 | F11: =F13-F10-F12 -> 0.048653 | G11: =G13-G10-G12 -> 0.063096 | H11: 0.1
B12: Shares repurchased (millions) | D12: =Inputs!D183 -> -0.259721 | E12: =Inputs!E183 -> -0.4781 | F12: =Inputs!F183 -> -0.65175 | G12: =Inputs!G183 -> -0.92637 | H12: -0.35 | J12: Forecast buybacks are an assumption; Q3 purchases 926,370 shares for $203.1m, per FY26 Q3 10-Q.
B13: Closing shares outstanding (millions) | D13: =Inputs!D182 -> 37.64587 | E13: =Inputs!E182 -> 37.243824 | F13: =Inputs!F182 -> 36.640727 | G13: =Inputs!G182 -> 35.777453 | H13: =SUM(H10:H12) -> 35.527453
B14: Weighted average basic shares | C14: =Inputs!C113 -> 37.924 | D14: =Inputs!D113 -> 37.757 | E14: =Inputs!E113 -> 37.409 | F14: =Inputs!F113 -> 36.927 | G14: =Inputs!G113 -> 36.122 | H14: =AVERAGE(H10,H13) -> 35.652453
B15: Incremental dilutive instruments | C15: =C19-C14 -> 0.461 | D15: =D19-D14 -> 0.401 | E15: =E19-E14 -> 0.206 | F15: =F19-F14 -> 0.136 | G15: =G19-G14 -> 0.069 | H15: 0.1
B19: Weighted average diluted shares | C19: =Inputs!C147 -> 38.385 | D19: =Inputs!D147 -> 38.158 | E19: =Inputs!E147 -> 37.615 | F19: =Inputs!F147 -> 37.063 | G19: =Inputs!G147 -> 36.191 | H19: =SUM(H14:H15) -> 35.752453
B20: Basic share Y/Y growth | H20: =H14/D14-1 -> -0.055739254
B21: Diluted shares Y/Y growth | H21: =H19/D19-1 -> -0.063041747
B22: Share repurchase spend ($m) | C22: =-Inputs!C117 -> 300.457 | D22: =-Inputs!D117 -> 106.619 | E22: =-Inputs!E117 -> 139.899 | F22: =-Inputs!F117 -> 163.031 | G22: =-Inputs!G117 -> 203.07 | H22: =H23*-H12 -> 78.75
B23: Implied share repurchase price ($) | D23: =D22/-D12 -> 410.51359 | E23: =E22/-E12 -> 292.61452 | F23: =F22/-F12 -> 250.14346 | G23: =G22/-G12 -> 219.21047 | H23: 225
B24: EPS share basis check | H24: ='Income Statement'!H29-H19 -> 0

Sheet Guidance
B2: FactSet Research Systems Inc.
B3: Guidance
B4: $ millions, except per share
C6: FY25A | D6: 4Q25A | E6: 1Q26A | F6: 2Q26A | G6: 3Q26A | H6: 4Q26E
C7: 45900 | D7: 45900 | E7: 45991 | F7: 46081 | G7: 46173 | H7: 46265
C8: 365 | D8: 92 | E8: 91 | F8: 90 | G8: 92 | H8: 92
B10: Guidance date | C10: Period | D10: Metric | E10: Low | F10: High | G10: Midpoint | H10: Reported / model | I10: Beat / (miss)
B11: 46204 | C11: FY26 | D11: Organic ASV growth ($m) | E11: 130 | F11: 160 | G11: =AVERAGE(E11:F11) -> 145 | H11: ='Revenue summary'!H61-'Revenue summary'!D61 -> 150.2 | I11: =H11-G11 -> 5.2
B12: 46204 | C12: FY26 | D12: GAAP revenue ($m) | E12: 2450 | F12: 2470 | G12: =AVERAGE(E12:F12) -> 2460 | H12: ='Income Statement'!E10+'Income Statement'!F10+'Income Statement'!G10+'Income Statement'!H10 -> 2469.058 | I12: =H12-G12 -> 9.058
B13: 46204 | C13: FY26 | D13: GAAP operating margin | E13: 0.295 | F13: 0.31 | G13: =AVERAGE(E13:F13) -> 0.3025 | H13: =SUM('Income Statement'!E18,'Income Statement'!F18,'Income Statement'!G18,'Income Statement'!H18)/H12 -> 0.29328311 | I13: =IF(H13="","",H13-G13) -> -0.0092168936
B14: 46204 | C14: FY26 | D14: Adjusted operating margin | E14: 0.34 | F14: 0.355 | G14: =AVERAGE(E14:F14) -> 0.3475 | H14: =SUM(Inputs!E180:G180,'Income Statement'!H18,'Income Statement'!H57:H59)/H12 -> 0.34295023 | I14: =IF(H14="","",H14-G14) -> -0.0045497736
B15: 46204 | C15: FY26 | D15: Effective tax rate | E15: 0.18 | F15: 0.19 | G15: =AVERAGE(E15:F15) -> 0.185 | H15: =SUM('Income Statement'!E24,'Income Statement'!F24,'Income Statement'!G24,'Income Statement'!H24)/SUM('Income Statement'!E23,'Income Statement'!F23,'Income Statement'!G23,'Income Statement'!H23) -> 0.18425907 | I15: =IF(H15="","",H15-G15) -> -0.00074092678
B16: 46204 | C16: FY26 | D16: GAAP diluted EPS | E16: 14.85 | F16: 15.35 | G16: =AVERAGE(E16:F16) -> 15.1 | H16: =SUM('Income Statement'!E31,'Income Statement'!F31,'Income Statement'!G31,'Income Statement'!H31) -> 14.944337 | I16: =IF(H16="","",H16-G16) -> -0.15566273
B17: 46204 | C17: FY26 | D17: Adjusted diluted EPS | E17: 17.25 | F17: 17.75 | G17: =AVERAGE(E17:F17) -> 17.5 | H17: =SUM('Income Statement'!E50,'Income Statement'!F50,'Income Statement'!G50,'Income Statement'!H50) -> 17.736526 | I17: =IF(H17="","",H17-G17) -> 0.23652561
J18: FY2026 guidance reaffirmed July 2026; annual results in column H are model forecasts.
D20: Implied 4Q revenue at FY mid | G20: =G12-SUM('Income Statement'!E10:G10) -> 618.442
D21: Implied 4Q adjusted EPS at FY mid | G21: =G17-SUM('Income Statement'!E50:G50) -> 4.0076097
D22: Implied 4Q at top-end revenue | G22: =F12-SUM('Income Statement'!E10:G10) -> 628.442
D23: Implied 4Q at top-end adjusted EPS | G23: =F17-SUM('Income Statement'!E50:G50) -> 4.2576097

Sheet Sources
B2: FactSet Research Systems Inc.
B3: Sources
B4: $ millions, except per share
C6: FY25A | D6: 4Q25A | E6: 1Q26A | F6: 2Q26A | G6: 3Q26A | H6: 4Q26E
C7: 45900 | D7: 45900 | E7: 45991 | F7: 46081 | G7: 46173 | H7: 46265
C8: 365 | D8: 92 | E8: 91 | F8: 90 | G8: 92 | H8: 92
B10: ID | C10: Publication | D10: Publisher | E10: URL / local input | F10: Model fields supported
B11: S01 | C11: 45918 | D11: FactSet (SEC 8-K) | E11: Open SEC filing | F11: 4Q25 / FY25 statements; adjusted net income
B12: S02 | C12: 45952 | D12: FactSet (SEC 10-K) | E12: Open SEC filing | F12: FY25 segment revenue, profit, ASV
B13: S03 | C13: 46028 | D13: FactSet (SEC 10-Q) | E13: Open SEC filing | F13: 1Q26 segments, IS, BS, CF, client counts
B14: S04 | C14: 46112 | D14: FactSet (SEC 10-Q) | E14: Open SEC filing | F14: 2Q26 segments, IS, BS, CF, ASV
B15: S05 | C15: 46204 | D15: FactSet (SEC 10-Q) | E15: Open SEC filing | F15: 3Q26 issuer history; FY25 nine-month comparatives
B16: S06 | C16: 46204 | D16: FactSet (SEC 8-K) | E16: Open SEC filing | F16: FY26 revenue / normalized EPS guidance, client retention
B17: S07 | C17: 46204 | D17: Motley Fool, earnings call | E17: Open call / peer | F17: Management commentary on ASV momentum, margin spending
B18: S08 | C18: 46224 | D18: MSCI investor relations | E18: Open call / peer | F18: Peer recurring subscription growth +9.0%; retention 95.3%
B19: S09 | C19: 46233 | D19: LSEG investor relations | E19: Open research preview | F19: Peer ASV growth +6.1%, FX and spend
B20: S10 | C20: 46290 | D20: Zacks / Yahoo Finance | E20: Open research preview | F20: Negative earnings ESP -2.21%; geographic expectations
B21: S11 | C21: 46290 | D21: Zacks / Yahoo Finance | E21: Open research preview | F21: Street EPS $4.32; regional consensus US $412m; ASV $2.56bn
B22: S12 | C22: 46290 | D22: AlphaStreet | E22: Open research preview | F22: Independent Q4 normalized EPS $4.35; revenue $629.7m
B23: C01 | C23: 2026-09-24 date only | D23: S&P Capital IQ | E23: FDS_consensus.json | F23: Headline mean EPSn $4.35 (16 contributors), GAAP $3.91 (9), revenue $629.85 (15)
B24: C02 | C24: prior releases | D24: S&P Capital IQ | E24: FDS_history.csv | F24: Historical reported vs consensus revenue and both EPS bases
B27: Input | C27: SHA256 | D27: Capture | E27: Status
B28: FDS_history.csv | C28: e368eaee12e683e92b11bf8336d5720720cc29220831a7025506f44aec2a03a0 | D28: historical | E28: embedded Inputs!A10:H16
B29: FDS_consensus.json | C29: 277bbd9c0e6eb39bc399b9cd83bb03c982dcf7059fdf51c2128b1d20461e8f53 | D29: 2026-09-24 date only | E29: embedded Inputs!A20:B73
B30: FY26 filing cutoff | C30: 2026-09-26T18:44:22.240587+00:00 | D30: 46291 | E30: No target-period reported results used
B32: Issuer splits not disclosed | J32: FY26 Q3 10-Q reports geographic segments but does not quantify firm-type revenue, customer gross additions or churn; do not invent missing disclosures.

Sheet Inputs
B2: FactSet Research Systems Inc.
B3: Inputs
B4: $ millions, except per share
C6: FY25A | D6: 4Q25A | E6: 1Q26A | F6: 2Q26A | G6: 3Q26A | H6: 4Q26E
C7: 45900 | D7: 45900 | E7: 45991 | F7: 46081 | G7: 46173 | H7: 46265
C8: 365 | D8: 92 | E8: 91 | F8: 90 | G8: 92 | H8: 92
A10: period_end_date | B10: eps_normalized_consensus | C10: eps_normalized_actual | D10: eps_gaap_consensus | E10: eps_gaap_actual | F10: revenue_m_consensus | G10: revenue_m_actual | H10: report_date_x000D_ | J10: S&P data capture | K10: 2026-09-24 (date only)
A11: 45716 | B11: 4.18 | C11: 4.28 | D11: 3.8 | E11: 3.76 | F11: 570.67 | G11: 570.66 | H11: 45736 | J11: History SHA256 | K11: e368eaee12e683e92b11bf8336d5720720cc29220831a7025506f44aec2a03a0
A12: 45808 | B12: 4.3 | C12: 4.27 | D12: 3.83 | E12: 3.87 | F12: 580.9 | G12: 585.52 | H12: 45831 | J12: Consensus SHA256 | K12: 277bbd9c0e6eb39bc399b9cd83bb03c982dcf7059fdf51c2128b1d20461e8f53
A13: 45900 | B13: 4.13 | C13: 4.05 | D13: 3.69 | E13: 4.03 | F13: 593.44 | G13: 596.9 | H13: 45918 | J13: EPS primary analysts | K13: =B34 -> 16
A14: 45991 | B14: 4.36 | C14: 4.51 | D14: 3.85 | E14: 4.06 | F14: 600.63 | G14: 607.62 | H14: 46009
A15: 46081 | B15: 4.38 | C15: 4.46 | D15: 3.85 | E15: 3.59 | F15: 604.95 | G15: 611.02 | H15: 46112
A16: 46173 | B16: 4.45 | C16: 4.53 | D16: 3.9 | E16: 3.5 | F16: 618.09 | G16: 622.92 | H16: 46204
A20: ticker | B20: FDS
A21: company | B21: FactSet Research Systems Inc.
A22: exchange_ticker | B22: NYSE:FDS
A23: capiq_company_id | B23: 347669
A24: analyst_count | B24: 18
A25: fiscal_year_end | B25: Aug-31
A26: forward_quarter_label | B26: FQ4 2026 - Aug 2026
A27: period_end_date | B27: 46265
A28: expected_report_date | B28: 46295
A29: eps_normalized_mean | B29: 4.35
A30: eps_normalized_median | B30: 4.34
A31: eps_normalized_high | B31: 4.52
A32: eps_normalized_low | B32: 4.22
A33: eps_normalized_std_dev | B33: 0.09
A34: eps_normalized_n_est | B34: 16
A35: eps_normalized_guidance
A36: eps_normalized_guidance_low
A37: eps_normalized_guidance_high
A38: eps_gaap_mean | B38: 3.91
A39: eps_gaap_median | B39: 3.93
A40: eps_gaap_high | B40: 4.29
A41: eps_gaap_low | B41: 3.62
A42: eps_gaap_std_dev | B42: 0.2
A43: eps_gaap_n_est | B43: 9
A44: eps_gaap_guidance_low
A45: eps_gaap_guidance_high
A46: revenue_m_mean | B46: 629.85
A47: revenue_m_median | B47: 629.2
A48: revenue_m_high | B48: 634.7
A49: revenue_m_low | B49: 625.8
A50: revenue_m_std_dev | B50: 2.58
A51: revenue_m_n_est | B51: 15
A52: revenue_m_guidance_low
A53: revenue_m_guidance_high
A54: ebitda_m_mean | B54: 233.17
A55: ebit_m_mean | B55: 207.29
A56: net_income_excl_excep_m_mean | B56: 154.84
A57: net_income_gaap_m_mean | B57: 138.98
A58: gross_margin_pct_mean | B58: 51.08
A59: effective_tax_rate_pct_mean | B59: 18.54
A60: capex_m_mean | B60: -28.83
A61: fcf_m_mean | B61: 155.31
A62: cfo_m_mean | B62: 207.54
A63: d_and_a_m_mean | B63: 42
A64: target_price_mean | B64: 270
A65: target_price_median | B65: 278.5
... A69: target_price_n_est | B69: 16
A70: recommendation | B70: Hold
A71: recommendation_score | B71: 3.22
A72: last_close_price | B72: 271.25
A73: notes | B73: Results Sep 30, call 9 a.m. 52wk range 320.48/185.00. FY guidance for EPSn 17.25/17.75.
G82: Forecast confidence | H82: medium
G83: P(beat CapIQ normalized EPS) | H83: 0.34
G84: Quarters per fiscal year | H84: 4
G85: Basis points per unit | H85: 10000
H86: 1e-06
J89: FY25 | K89: 4Q25 | L89: 1Q26 | M89: 2Q26 | N89: 3Q26
B90: accrued_comp | C90: 130.596 | D90: 130.596 | E90: 59.627 | F90: 88.479 | G90: 137.431 | J90: r4:247 | K90: r4:247 | L90: q1:169 | M90: q2:172 | N90: q3:175
B91: adj_acquisition | C91: 13.15 | D91: 2.55 | E91: 2.14 | F91: 1.611 | G91: 1.355 | L91: q1:1421 | M91: q2:1544 | N91: q3:1534
B92: adj_amort | C92: 54.074 | D92: 16.301 | E92: 15.404 | F92: 15.121 | G92: 14.534 | J92: r4:346 | K92: r4:346 | L92: q1:1419 | M92: q2:1540 | N92: q3:1531
B93: adj_asset | C93: 0 | D93: 0 | F93: 0.699 | G93: 0 | J93: r4:352 | K93: r4:352 | M93: q2:1545 | N93: q3:1538
B94: adj_bankruptcy | G94: 0.574 | N94: q3:1536
B95: adj_ceo | E95: 5.376 | F95: 3.109 | G95: 3.309 | L95: q1:1420 | M95: q2:1542 | N95: q3:1533
B96: adj_divest_gain | C96: -17.205 | D96: -19.795 | J96: r4:347 | K96: r4:347
B97: adj_exec | C97: 1.24 | D97: 1.427 | J97: r4:350 | K97: r4:350
B98: adj_impair | F98: 10.249 | G98: 2.297 | M98: q2:1541 | N98: q3:1535
B99: adj_invest_gain | E99: -5.226 | F99: 0 | L99: q1:1422 | M99: q2:1547
B100: adj_labor | F100: 2.273 | G100: 0 | M100: q2:1543 | N100: q3:1537
B101: adj_nonop_divest | E101: -0.301 | F101: -0.13 | G101: -0.048 | L101: q1:1424 | M101: q2:1549 | N101: q3:1541
B102: adj_restruct | C102: 0.192 | D102: 0.491 | E102: -0.402 | F102: 0.135 | G102: 15.03 | J102: r4:351 | K102: r4:351 | L102: q1:1423 | M102: q2:1548 | N102: q3:1532
B103: adj_sales | C103: 1.775 | D103: 0 | E103: 0 | F103: 0 | G103: 0 | J103: r4:349 | K103: r4:349 | L103: q1:1425 | M103: q2:1546 | N103: q3:1539
B104: adj_tax | C104: 1.351 | D104: 0 | E104: 0 | F104: -0.852 | G104: 0 | J104: r4:353 | K104: r4:353 | L104: q1:1426 | M104: q2:1550 | N104: q3:1542
B105: americas | C105: 1506.108 | D105: 388.704 | E105: 396.176 | F105: 399.683 | G105: 407.24 | J105: fy:818 | K105: FY25 minus Q3FY26 2025 comparable:818 | L105: q1:407 | M105: q2:430 | N105: q3:431
B106: ap | C106: 135.262 | D106: 135.262 | E106: 149.277 | F106: 149.243 | G106: 163.982 | J106: r4:244 | K106: r4:244 | L106: q1:167 | M106: q2:170 | N106: q3:172
B107: apac | C107: 235.356 | D107: 60.766 | E107: 61.928 | F107: 62.216 | G107: 63.738 | J107: fy:822 | K107: FY25 minus Q3FY26 2025 comparable:822 | L107: q1:409 | M107: q2:432 | N107: q3:433
B108: ar | C108: 270.684 | D108: 270.684 | E108: 289 | F108: 320.233 | G108: 289.99 | J108: r4:232 | K108: r4:232 | L108: q1:155 | M108: q2:158 | N108: q3:160
B109: asv | C109: =D109 -> 2405.6 | D109: 2405.6 | E109: 2411.1 | F109: 2450.2 | G109: 2484.3 | K109: r4:90 | N109: q3:1215
B110: asv_americas | C110: =D110 -> 1570.1 | D110: 1570.1 | E110: 1575.8 | F110: 1605.9 | G110: 1621 | K110: r4:90 | N110: q3:1215
B111: asv_apac | C111: =D111 -> 243.9 | D111: 243.9 | E111: 244.3 | F111: 249.1 | G111: 255.2 | K111: r4:90 | N111: q3:1215
B112: asv_emea | C112: =D112 -> 591.6 | D112: 591.6 | E112: 591 | F112: 595.2 | G112: 608.1 | K112: r4:90 | N112: q3:1215
B113: basic_shares | C113: 37.924 | D113: 37.757 | E113: 37.409 | F113: 36.927 | G113: 36.122 | J113: r4:219 | K113: r4:219 | L113: q1:126 | M113: q2:124 | N113: q3:126
B114: cash | C114: 337.651 | D114: 337.651 | E114: 275.448 | F114: 268.338 | G114: 288.114 | J114: r4:230 | K114: r4:230 | L114: q1:153 | M114: q2:156 | N114: q3:158
B115: cf_acquisitions | C115: -348.255 | D115: 0 | E115: 0 | F115: 0 | G115: 0 | J115: r4:288 | K115: r4 minus q3 FY25 comparative:288 | L115: q1:216 | M115: q2:219 | N115: q3:222
B116: cf_buy_invest | C116: -18.867 | D116: -14.434 | E116: -0.875 | F116: -0.229 | G116: -16.982 | J116: r4:289 | K116: r4 minus q3 FY25 comparative:289 | L116: q1:217 | M116: q2:220 | N116: q3:223
B117: cf_buyback | C117: -300.457 | D117: -106.619 | E117: -139.899 | F117: -163.031 | G117: -203.07 | J117: r4:297 | K117: r4 minus q3 FY25 comparative:297 | L117: q1:225 | M117: q2:228 | N117: q3:231
B118: cf_capex | C118: -108.806 | D118: -33.966 | E118: -30.847 | F118: -25.997 | G118: -30.475 | J118: r4:287 | K118: r4 minus q3 FY25 comparative:287 | L118: q1:215 | M118: q2:218 | N118: q3:221
B119: cf_d_ap | C119: -59.4 | D119: -9.683 | E119: 22.225 | F119: -10.277 | G119: 10.845 | J119: r4:280 | K119: r4 minus q3 FY25 comparative:280 | L119: q1:208 | M119: q2:211 | N119: q3:214
...
